 Dungeon Crawl Stone Soup version 0.31-a0-1181-g57eb4e83fd (webtiles) character file.

Game seed: 1252675680604352652

1929130 qw the Conqueror (level 27, 199/199 HPs)
             Began as a Gargoyle Hunter on Dec 11, 2023.
             Was the Champion of Okawaru.
             Escaped with the Orb
             ... and 3 runes!
             The game lasted 00:35:09 (52772 turns).

qw the Conqueror (Gargoyle Hunter)                 Turns: 52772, Time: 00:35:09

Health: 199/199    AC: 47    Str: 16    XL:     27
Magic:  29/29      EV: 54    Int: 15    God:    Okawaru [******]
Gold:   7338       SH:  0    Dex: 43    Spells: 26/26 levels left

rFire   + + +        A - +8 longbow "Kahuny Qadd" {heavy, rN++ Int+4 SInv Stlth-}
rCold   + + .        (shield currently unavailable)
rNeg    + + +        q - +6 faerie dragon scales {rCorr Dex+5}
rPois   inf          F - +2 hat {Will+}
rElec   +            y - scarf of Watchfulness {repulsion, -Cast Slay+5}
rCorr   +            z - +2 pair of gloves {Dex+3}
SInv    +            u - +2 pair of boots
Will    +++..        v - amulet of faith
Stlth   +            o - ring of Loiplas {rF+ rC++ Str-2 Dex+6 Slay+3}
HPRegen 0.53/turn    G - ring "Ixzorr" {*Slow rPois rF++ Str+2 Dex+6}
MPRegen 0.21/turn

%: no spellcasting, slow self (1%), repel missiles, clarity, faith
@: flying
A: sickness immunity, AC +20, big wings, negative energy resistance 1,
electricity resistance, torment resistance 1, petrification resistance, beak,
clarity, deterioration 1, low MP 1, weak 1
0: Orb of Zot
}: 3/15 runes: decaying, silver, gossamer
a: Renounce Religion, Heroism, Finesse, Duel


You escaped.
You worshipped Okawaru.
Okawaru was exalted by your worship.
You visited 9 branches of the dungeon, and saw 45 of its levels.
You also visited: Ossuary.

You collected 10012 gold pieces.
You spent 2674 gold pieces at shops.


Innate Abilities, Weirdness & Mutations

You are immune to sickness and miasma.
Your stone body is resilient. (AC +20)
You are immune to poison.
Your large and strong wings let you fly.
You resist negative energy. (rN+)
You are resistant to electric shocks. (rElec)
You are resistant to unholy torment.
You are immune to petrification.
You have a beak for a mouth.
You possess an exceptional clarity of mind.
Your body sometimes deteriorates upon taking damage.
Your magical capacity is low. (-10% MP)
You are weak. (Str -2)


   Skills:
 O Level 27 Fighting
 - Level 20.0 Ranged Weapons
 - Level 19.0 Armour
 + Level 26.8 Dodging
 - Level 1.1 Stealth
 + Level 13.1 Invocations


You had 26 spell levels left.
You didn't know any spells.
Your spell library was empty.

Inventory:

Hand Weapons
 k - a +2 hand cannon of electrocution
 A - the +8 longbow "Kahuny Qadd" (weapon) {heavy, rN++ Int+4 SInv Stlth-}
   (Okawaru gifted it to you on level 3 of the Lair of Beasts)

   Int+4:     It affects your intelligence (+4).
   rN++:      It greatly protects you from negative energy.
   SInv:      It lets you see invisible.
   Stlth-:    It makes you less stealthy.
Armour
 q - the +6 faerie dragon scales (worn) {rCorr Dex+5}
   (You took it off the Enchantress on level 1 of the Depths)

   Dex+5:     It affects your dexterity (+5).
   rCorr:     It protects you from acid and corrosion.
 u - a +2 pair of boots (worn)
 y - the scarf of Watchfulness (worn) {repulsion, -Cast Slay+5}
   (Okawaru gifted it to you on level 3 of the Lair of Beasts)

   Slay+5:    It affects your accuracy & damage with ranged weapons and melee
   (+5).
   -Cast:     It prevents spellcasting.
 z - a +2 pair of gloves of dexterity (worn)
 E - a +2 hat of see invisible
 F - a +2 hat of willpower (worn)
Jewellery
 a - the amulet "Lowopn" {RegenMP rF+ Dex+2}
   (You found it on level 4 of the Realm of Zot)

   [amulet of magic regeneration]

   RegenMP:   It increases your rate of magic regeneration.
   Dex+2:     It affects your dexterity (+2).
   rF+:       It protects you from fire.
 i - an amulet of reflection
 o - the ring of Loiplas (left hand) {rF+ rC++ Str-2 Dex+6 Slay+3}
   (You found it on level 4 of the Lair of Beasts)

   [ring of dexterity]

   Str-2:     It affects your strength (-2).
   Dex+6:     It affects your dexterity (+6).
   Slay+3:    It affects your accuracy & damage with ranged weapons and melee
   (+3).
   rF+:       It protects you from fire.
   rC++:      It greatly protects you from cold.
 v - an amulet of faith (around neck)
 G - the ring "Ixzorr" (right hand) {*Slow rPois rF++ Str+2 Dex+6}
   (You took it off a fire giant on level 3 of the Depths)

   [ring of dexterity]

   Str+2:     It affects your strength (+2).
   Dex+6:     It affects your dexterity (+6).
   rF++:      It greatly protects you from fire.
   rPois:     It protects you from poison *Slow: It may slow you when you take
   damage.
 Y - a +6 ring of dexterity
Wands
 f - a wand of polymorph (31)
 h - a wand of iceblast (66)
 t - a wand of digging (14)
 x - a wand of acid (14)
Scrolls
 c - 18 scrolls of identify
 l - 16 scrolls of teleportation
 m - 8 scrolls of enchant weapon
 B - 5 scrolls of enchant armour
 C - 3 scrolls of brand weapon
Potions
 b - 2 potions of heal wounds
 d - 24 potions of curing
 e - 9 potions of haste
 g - 9 potions of enlightenment
 j - 5 potions of mutation
 n - 4 potions of magic
 s - 8 potions of might
 w - 4 potions of cancellation
 D - 4 potions of resistance

Dungeon Overview and Level Annotations

Branches:
Dungeon (15/15)            Temple (1/1) D:4            Lair (5/5) D:11
  Swamp (4/4) Lair:2       Spider (4/4) Lair:2        Slime (0/5) Lair:4
    Orc (2/2) D:12            Elf (0/3) Orc:2        Vaults (5/5) D:14
  Crypt (0/3) Vaults:2     Depths (4/4) D:15            Zot (5/5) Depths:4
Ossuary (visited)

Altars:
Ashenzari
Cheibriados
Dithmenos
Elyvilon
Fedhas
Gozag
Hepliaklqana
Kikubaaqudgha
Makhleb
Nemelex Xobeh
Okawaru
Qazlal
Ru
Sif Muna
Trog
Uskayaw
Vehumet
Wu Jian
Xom
Yredelemnul
Zin
The Shining One

Shops:
D:1 !   D:6 ?   D:8 *:(=?   D:14 *   D:15 (   Orc:1 :   Orc:2 *([(   Vaults:3 [
Vaults:5 (   Depths:1 [?   Depths:3 !   Depths:4 =[

Portals:
Hell: Depths:1 Depths:2 Depths:3 Depths:4
Abyss: Depths:3
Pandemonium: Depths:1 Depths:2
Ziggurat: Depths:2

Annotations:
D:3 1 runed translucent door, Crazy Yiuf
D:4 3 runed translucent doors, qw's ghost, amateur GrHu
D:13 2 transporters
Orc:1 1 runed translucent door, Segg's ghost, adept GnSk
Depths:4 2 transporters
Zot:1 5 transporters


Message History

Enter note:
Enter note:
Enter note:
Enter note:
Enter note:
Enter note:
Enter note:
Enter note:
Enter note:
Enter note:
Enter note: You shoot an arrow.
The arrow closely misses the Executioner.
You shoot an arrow. The arrow hits the Executioner!!!
The Executioner is almost dead.
The Executioner gestures.
The Executioner seems to speed up.
You shoot an arrow.
The arrow completely misses the Executioner.
You shoot an arrow.
The arrow barely misses the Executioner.
The Executioner hits you but does no damage.
The Executioner completely misses you.
The Executioner hits you but does no damage.
The Executioner completely misses you. The Executioner barely misses you.
The Executioner misses you.
The Executioner completely misses you. x3
You shoot an arrow. The arrow hits the Executioner!!!!
You kill the Executioner!
Okawaru accepts your kill.
What level of the Dungeon? (default 1, ? - help)
A shadow demon comes into view.
You shoot an arrow. The arrow hits the shadow demon!!!
The shadow demon is severely wounded.
You shoot an arrow. The arrow hits the shadow demon!!!!
You kill the shadow demon!
Okawaru accepts your kill.
What level of the Dungeon? (default 1, ? - help)
There is an open door here.
There is a staircase leading out of the dungeon here.
You have escaped!

#.#.###....### #.#
..#.###......########### #.#
.##.##..#..#(..........# #.#
.......................# #.#
###.#.###..............# #.#
....#..###.............# #.#
#..##..###....##'##....######.#
#..##........##...##..........#
#..##.###....#..@..#.........##
#...#.# #....##...##.........#
#.#...# #.....##+##..........#
..##.####....................#
.###..##.....................#
.# #.....##.##.#####.........#
.# #...###..##.### #.........#
.###.#.#...###...# #######...#
..#..#...### ###.# #.###


There were no monsters in sight!

Vanquished Creatures
  2 dread liches (Vaults:5)
  2 ancient liches
  Mara (Spider:4)
  2 orbs of fire
  Mennas (Vaults:4)
  A juggernaut (Depths:4)
  Sojobo (Vaults:4)
  Bai Suzhen (Swamp:3)
  4 Killer Klowns
  the Lernaean hydra (Swamp:4)
  Xtahua (Vaults:2)
  8 caustic shrikes (Depths:4)
  2 curse toes
  17 golden dragons
  the Enchantress (Depths:1)
  A bone dragon (Zot:3)
  Arachne (Spider:3)
  3 doom hounds (Zot:3)
  3 electric golems
  A Brimstone Fiend (D:12)
  2 Tzitzimimeh (Zot:3)
  Jorgrun (D:12)
  Rupert (D:12)
  18 tentacled monstrosities
  A walking crystal tome (Depths:2)
  21 Orb Guardians
  Asterion (Depths:1)
  Grunn (Zot:3)
  A walking frostbound tome (Depths:3)
  5 liches
  9 quicksilver dragons
  5 sphinxes
  10 titans
  3 Executioners
  7 death cobs
  14 tengu reavers
  Agnes (Spider:1)
  17 storm dragons
  Aizul (Spider:4)
  Donald (Spider:3)
  10 draconian monks
  8 shadow dragons
  A demonspawn warmonger (Zot:1)
  12 draconian knights
  16 fire giants
  Roxanne (D:15)
  8 emperor scorpions
  13 draconian scorchers
  A fenstrider witch (Swamp:3)
  2 balrugs
  24 vault wardens
  5 ghost moths (Spider:4)
  12 frost giants
  A curse skull (Vaults:2)
  2 iron dragons (Depths:4)
  3 orc warlords
  10 draconian shifters
  6 draconian stormcallers
  26 stone giants
  20 ironbound preservers
  2 reapers
  13 draconian annihilators
  4 formless jellyfish
  29 very ugly things
  3 war gargoyles
  5 spriggan defenders
  2 cacodemons (Depths:4)
  A broodmother (Spider:3)
  2 vampire knights (Depths:3)
  11 ironbound thunderhulks
  18 green draconians
  6 eleionomae
  25 red draconians
  Nessos (D:15)
  11 black draconians
  17 yellow draconians
  2 deep elf annihilators (Vaults:5)
  2 deep elf demonologists (Vaults:5)
  11 dire elephants
  2 putrid mouths (Zot:3)
  18 purple draconians
  10 white draconians
  4 bunyips
  6 spark wasps
  A deep elf death mage (Vaults:5)
  An eidolon (Vaults:2)
  2 green deaths (Depths:4)
  2 crystal guardians (Vaults:4)
  10 fire dragons
  16 ettins
  24 yaktaur captains
  7 entropy weavers
  Josephine (D:12)
  10 ice dragons
  2 deep elf high priests (Vaults:5)
  A shambling mangrove (Swamp:4)
  8 great orbs of eyes
  20 hydras
  34 vault guards
  2 ghost crabs
  2 catoblepae (Lair:5)
  10 ironbound frosthearts
  2 jorogumos
  Erolcha (D:9)
  A peacekeeper (Vaults:4)
  4 boulder beetles
  A rakshasa (Depths:1)
  6 alligators
  11 spriggan air magi
  20 centaur warriors
  An ogre mage (Vaults:5)
  A radroach (Spider:3)
  6 tengu warriors
  A two-headed ogre (shapeshifter) (Depths:3)
  9 death yaks (Lair:5)
  4 two-headed ogres
  3 vampire magi
  5 deep troll shamans
  A titan zombie (Depths:1)
  8 spriggan berserkers
  7 demonic crawlers
  9 deep troll earth magi
  6 orc high priests
  An occultist (Depths:2)
  21 hell knights
  A soul eater (D:15)
  A storm dragon zombie (Vaults:5)
  6 sun demons
  Amaemon (D:9)
  4 goliath frogs
  4 sixfirhies (Depths:4)
  2 skysharks
  A fire crab (shapeshifter) (Vaults:3)
  A sun moth (Spider:4)
  17 orb spiders
  3 skeletal warriors (D:13)
  A deep troll (shapeshifter) (Depths:2)
  6 pharaoh ants
  69 deep trolls
  2 orb spiders (shapeshifter)
  4 iron trolls
  14 swamp dragons
  8 spriggan druids
  A glowing orange brain (shapeshifter) (Depths:4)
  4 bog bodies
  An obsidian statue (Depths:4)
  25 ironbound convokers
  2 shadow demons
  4 glowing orange brains
  2 flayed ghosts
  5 arcanists
  6 steelbarb worms
  15 harpies
  7 deep elf pyromancers
  5 phantasmal warriors
  12 necromancers
  28 ugly things
  9 orc knights
  15 lindwurms
  An oklob plant (Lair:3)
  21 wolf spiders
  3 will-o-the-wisps
  23 moths of wrath
  4 orc sorcerers
  2 manticores (Lair:4)
  9 cyclopes
  3 rust devils
  3 naga magi (Vaults:4)
  18 vault sentinels
  2 stone giant skeletons
  2 kobold blastminers
  13 elephants
  3 black mambas
  An ice statue (D:14)
  5 torpor snails
  A frost giant skeleton (Depths:1)
  A gargoyle (D:12)
  An eye of devastation (shapeshifter) (Vaults:5)
  4 orange demons
  19 cane toads
  2 smoke demons
  Maggie (D:6)
  3 kobold demonologists (D:12)
  2 efreet (D:14)
  10 komodo dragons
  A hellion (Depths:4)
  6 rime drakes
  An unseen horror (D:13)
  A komodo dragon (shapeshifter) (Spider:1)
  5 freezing wraiths
  A tormentor (Depths:1)
  27 yaktaurs
  2 ice devils
  2 tengu conjurers
  2 red devils
  8 trolls
  A queen bee (Lair:4)
  2 merfolk (shapeshifter)
  12 hornets
  3 hellwings (D:15)
  5 polar bears
  10 meliai
  6 tyrant leeches
  6 bloated husks
  3 ettin zombies
  20 tarantellas
  2 glass eyes (Depths:3)
  21 blink frogs
  7 dream sheep
  A snapping turtle (shapeshifter) (Vaults:3)
  20 jumping spiders
  Sigmund (D:2)
  An ettin skeleton (Vaults:1)
  23 culicivoras
  A flying skull (Vaults:2)
  41 slime creatures
  3 shadows
  A centaur simulacrum (D:14)
  A wyvern (shapeshifter) (D:15)
  16 spriggans
  2 hogs
  2 vampires (D:12)
  9 wraiths
  6 wyverns
  40 yaks
  6 basilisks
  3 humans
  43 redbacks
  16 vampire mosquitoes
  3 neqoxecs
  5 steam dragons
  A swamp worm (shapeshifter) (Depths:3)
  2 chaos spawn (Depths:4)
  2 wargs (Orc:1)
  3 acid dragons
  21 swamp worms
  13 water moccasins
  5 hell hounds (D:14)
  9 black bears
  A human skeleton (Depths:1)
  19 orc warriors
  4 ice beasts
  2 sky beasts
  10 swamp drakes
  3 ogres
  9 centaurs
  33 wolves
  2 human zombies (Vaults:5)
  A brain worm (shapeshifter) (Vaults:3)
  13 bullfrogs
  6 kobold brigands
  A scorpion (D:7)
  A glowing shapeshifter simulacrum (Vaults:5)
  3 water moccasin zombies (Ossuary)
  4 wights (D:8)
  46 killer bees
  4 howler monkeys
  4 electric eels
  A spectral scorpion (Ossuary)
  5 hounds
  6 jellies (Lair:3)
  2 sleepcaps
  15 orc priests
  8 hell rats
  10 iguanas
  21 orc wizards
  A crocodile zombie (Ossuary)
  2 mummies (Ossuary)
  4 gnolls
  9 adders
  2 shadow imps (D:8)
  3 white imps
  A howler monkey simulacrum (D:9)
  5 adder zombies (Ossuary)
  3 dart slugs
  A worm (D:2)
  69 orcs
  18 endoplasms
  9 giant cockroaches
  4 gnoll zombies (Ossuary)
  4 hobgoblins
  2 quokkas (D:4)
  6 ball pythons
  3 bats
  8 frilled lizards
  9 goblins
  4 hobgoblin zombies (Ossuary)
  20 kobolds
  4 kobold zombies (Ossuary)
  6 orc zombies (Ossuary)
  5 rats
  A butterfly (D:7)
2176 creatures vanquished.

Vanquished Creatures (others)
  A tentacled monstrosity (Zot:4)
  Kirke (D:14)
  An eleionoma (Swamp:4)
  A deep troll earth mage (Vaults:5)
  2 skeletal warriors (D:13)
  A naga mage (Vaults:4)
  A hornet (Swamp:4)
  A bloated husk (Swamp:4)
  A tarantella (Spider:3)
  A killer bee (Lair:4)
  An orc priest (Orc:2)
  6 foxfires
18 creatures vanquished.

Grand Total: 2194 creatures vanquished

Notes
Turn   | Place    | Note
-------+----------+-------------------------------------------
     0 | D:1      | qw the Gargoyle Hunter began the quest for the Orb.
     0 | D:1      | Reached XP level 1. HP: 12/12 MP: 1/1
     0 | D:1      | 0 ||| qw: Version: 0.3-a-106-g2cfff9e
     0 | D:1      | 0 ||| qw: Game counter: 2078
     0 | D:1      | 0 ||| qw: Melee chars always use a shield: true
     0 | D:1      | 0 ||| qw: God list: Okawaru
     0 | D:1      | 0 ||| qw: Allow faded altars: false
     0 | D:1      | 0 ||| qw: Do Orc after clearing Dungeon:15 true
     0 | D:1      | 0 ||| qw: Do second Lair branch before Depths: true
     0 | D:1      | 0 ||| qw: Lair rune preference: random
     0 | D:1      | 0 ||| qw: Goals: Normal, Save, Zot:1-4, Win
     0 | D:1      | 0 ||| PLANNING D:1-11
   109 | D:1      | Reached XP level 2. HP: 17/17 MP: 2/2
   111 | D:1      | Found Forphu's Distillery.
   119 | D:1      | 119 ||| SHOPLISTING potion of curing (30 gold, have 27).
   119 | D:1      | 119 ||| SHOPLISTING potion of enlightenment (50 gold, have
                  | 27).
   119 | D:1      | 119 ||| SHOPLISTING potion of haste (100 gold, have 27).
   119 | D:1      | 119 ||| SHOPLISTING potion of heal wounds (50 gold, have
                  | 27).
   119 | D:1      | 119 ||| SHOPLISTING potion of might (40 gold, have 27).
   119 | D:1      | 119 ||| SHOPLISTING potion of resistance (100 gold, have
                  | 27).
   347 | D:1      | 347 ||| READING scroll labelled MUFU LOURHUDOL.
   348 | D:1      | 348 ||| READING scroll labelled ALEXUD XUSTRE.
   349 | D:1      | 349 ||| DROPPING scroll of butterflies.
   672 | D:2      | Reached XP level 3. HP: 21/21 MP: 3/3
   890 | D:2      | Noticed Sigmund
   898 | D:2      | Killed Sigmund
   899 | D:2      | Reached skill level 5 in Fighting
   899 | D:2      | Reached XP level 4. HP: 22/31 MP: 4/4
   899 | D:2      | Reached XP level 5. HP: 24/35 MP: 5/5
  1013 | D:2      | You fall into a shaft and drop 1 floor!
  1157 | D:3      | Found a runed translucent door.
  1158 | D:3      | Noticed Crazy Yiuf
  1251 | D:3      | Reached XP level 6. HP: 40/40 MP: 6/6
  1432 | D:3      | 1432 ||| READING 3 scrolls labelled MORUHI ECOPN.
  1432 | D:3      | 1432 ||| IDENTIFYING ruby potion
  1433 | D:3      | 1433 ||| READING 2 scrolls of identify.
  1433 | D:3      | 1433 ||| IDENTIFYING 2 lumpy emerald potions
  1434 | D:3      | 1434 ||| READING scroll of identify.
  1434 | D:3      | 1434 ||| IDENTIFYING 2 bubbling emerald potions
  1435 | D:3      | 1435 ||| READING scroll labelled RAHUNI JAPU.
  1435 | D:3      | 1435 ||| ENCHANTING +0 leather armour.
  1436 | D:3      | 1436 ||| DROPPING 2 potions of brilliance.
  2416 | D:3      | 2416 ||| UPGRADING to +0 cloak.
  2454 | D:4      | 2454 ||| STAIRDANCE
  2534 | D:4      | 2534 ||| STAIRDANCE
  2635 | D:4      | Found a runed translucent gate.
  2635 | D:4      | Found a runed translucent gate.
  2635 | D:4      | Found an opulent altar of Gozag.
  2635 | D:4      | Found a runed translucent gate.
  2636 | D:4      | Noticed qw's ghost (amateur GrHu)
  2637 | D:4      | Noticed a hornet
  2637 | D:4      | Noticed a yak
  2938 | D:4      | Noticed a water moccasin
  2951 | D:4      | Killed a water moccasin
  2952 | D:4      | Reached skill level 6 in Ranged Weapons
  3029 | D:4      | Reached skill level 1 in Armour
  3029 | D:4      | Reached XP level 7. HP: 44/44 MP: 7/7
  3038 | D:4      | Found a staircase to the Ecumenical Temple.
  3039 | D:4      | 3039 ||| PLANNING TEMPLE
  3039 | D:4      | 3039 ||| READING 2 scrolls of identify.
  3039 | D:4      | 3039 ||| IDENTIFYING sapphire potion
  3040 | D:4      | 3040 ||| READING scroll of identify.
  3040 | D:4      | 3040 ||| IDENTIFYING bubbling clear potion
  3041 | D:4      | 3041 ||| READING scroll labelled OCOSIACUSU.
  3042 | D:4      | 3042 ||| READING scroll labelled UKLENWUSM QABU.
  3049 | Temple   | Entered the Ecumenical Temple
  3050 | Temple   | 3050 ||| PLANNING OKAWARU WORSHIP
  3062 | Temple   | Became a worshipper of Warmaster Okawaru
  3063 | Temple   | 3063 ||| PLANNING D:1-11
  3314 | D:5      | Entered Level 5 of the Dungeon
  3315 | D:5      | 3315 ||| STAIRDANCE
  3369 | D:5      | 3369 ||| STAIRDANCE
  3418 | D:5      | 3418 ||| STAIRDANCE
  3478 | D:5      | 3478 ||| STAIRDANCE
  3534 | D:5      | 3534 ||| STAIRDANCE
  3888 | D:5      | HP: 11/44 [black bear (2)]
  3888 | D:5      | HP: 4/44 [black bear (7)]
  3889 | D:5      | 3889 ||| DRINKING 4 potions of heal wounds.
  3891 | D:5      | HP: 1/44 [black bear (3)]
  3892 | D:5      | 3892 ||| DRINKING 3 potions of heal wounds.
  4303 | D:5      | Reached * piety under Okawaru
  4304 | D:5      | Reached XP level 8. HP: 33/50 MP: 8/8
  4635 | D:5      | 4635 ||| READING scroll labelled YRRAIL DIDOSE.
  4641 | D:6      | 4641 ||| PLANNING OSSUARY
  4668 | D:6      | Reached skill level 1 in Invocations
  4774 | D:6      | Found Ifugoam's Magic Scroll Boutique.
  4781 | D:6      | 4781 ||| BUYING scroll of enchant weapon (82 gold).
  4781 | D:6      | Bought a scroll of enchant weapon for 82 gold pieces
  4781 | D:6      | 4781 ||| BUYING scroll of identify (22 gold).
  4781 | D:6      | Bought a scroll of identify for 22 gold pieces
  4781 | D:6      | 4781 ||| READING scroll of enchant weapon.
  4781 | D:6      | 4781 ||| ENCHANTING +0 shortbow.
  4904 | D:6      | Reached skill level 9 in Ranged Weapons
  4904 | D:6      | Reached skill level 3 in Invocations
  5007 | D:6      | 5007 ||| SWAPPING to +0 orcbow.
  5008 | D:6      | 5008 ||| DROPPING +1 shortbow.
  5043 | D:6      | Noticed Maggie
  5061 | D:6      | HP: 9/51 [Maggie/+0 long sword (8)]
  5062 | D:6      | 5062 ||| DRINKING 2 potions of heal wounds.
  5094 | D:6      | HP: 11/51 [Maggie/+0 long sword (4)]
  5095 | D:6      | 5095 ||| DRINKING potion of heal wounds.
  5098 | D:6      | 5098 ||| DRINKING potion of cancellation.
  5113 | D:6      | Killed Maggie
  5113 | D:6      | Reached ** piety under Okawaru
  5114 | D:6      | Reached skill level 6 in Fighting
  5114 | D:6      | Reached XP level 9. HP: 19/56 MP: 10/12
  5251 | D:6      | Found a sand-covered staircase.
  5252 | D:6      | 5252 ||| UPGRADING to +0 steam dragon scales.
  5262 | D:6      | 5262 ||| DROPPING +1 leather armour.
  5263 | D:6      | 5263 ||| READING 2 scrolls of identify.
  5263 | D:6      | 5263 ||| IDENTIFYING black potion
  5264 | D:6      | 5264 ||| READING scroll of identify.
  5264 | D:6      | 5264 ||| IDENTIFYING viscous pink potion
  5273 | Ossuary  | Entered an ossuary
  5493 | Ossuary  | 5493 ||| READING scroll labelled YMYFFI NIJER.
  5594 | Ossuary  | 5594 ||| DRINKING 2 puce potions.
  5595 | Ossuary  | 5595 ||| DRINKING 2 metallic puce potions.
  5595 | Ossuary  | Gained mutation: You are weak. (Str -2) [potion of
                  | mutation]
  5595 | Ossuary  | Gained mutation: You have a beak for a mouth. [potion of
                  | mutation]
  5596 | Ossuary  | 5596 ||| DROPPING potion of attraction.
  5605 | D:6      | 5605 ||| PLANNING D:1-11
  5681 | D:6      | Found a sparkling altar of Nemelex Xobeh.
  5681 | D:6      | Found a shadowy altar of Dithmenos.
  5894 | D:7      | Found a shimmering altar of Xom.
  6148 | D:7      | Found a radiant altar of Vehumet.
  6149 | D:7      | Found a glowing golden altar of the Shining One.
  6154 | D:7      | Found a snail-covered altar of Cheibriados.
  6159 | D:7      | Found a broken altar of Ashenzari.
  6197 | D:7      | Reached skill level 3 in Dodging
  6476 | D:7      | Reached skill level 7 in Fighting
  6652 | D:7      | 6652 ||| UPGRADING to +0 pair of gloves.
  6657 | D:7      | 6657 ||| DROPPING amulet of magic regeneration.
  6658 | D:7      | 6658 ||| READING scroll of identify.
  6658 | D:7      | 6658 ||| IDENTIFYING lumpy pink potion
  6659 | D:7      | 6659 ||| DROPPING potion of lignification.
  6715 | D:8      | Found Vicius's Jewellery Shoppe.
  6727 | D:8      | 6727 ||| SHOPLISTING +4 ring of slaying (1092 gold, have
                  | 210).
  6727 | D:8      | 6727 ||| SHOPLISTING ring of resist corrosion (280 gold,
                  | have 210).
  6738 | D:8      | Found Iladd's Antique Weapon Emporium.
  6747 | D:8      | 6747 ||| BUYING iridescent orcbow (187 gold).
  6747 | D:8      | Bought an iridescent orcbow for 187 gold pieces
  6747 | D:8      | Identified the +10 orcbow "Rumnamn" {speed, rC+ rN+ Will+
                  | Dex-3} (You bought it in a shop on level 8 of the Dungeon)
  6747 | D:8      | 6747 ||| SWAPPING to +10 orcbow "Rumnamn" {speed, rC+ rN+
                  | Will+ Dex-3}.
  6748 | D:8      | 6748 ||| DROPPING +0 orcbow.
  6765 | D:8      | Reached *** piety under Okawaru
  6766 | D:8      | Reached skill level 3 in Armour
  6780 | D:8      | Identified the +3 spear of Mourning {protect, rN+ MP-9
                  | Stlth+}
  6820 | D:8      | Found Zuitriv's Book Shop.
  6990 | D:8      | Identified the +8 sling of Calamity {freeze, rN+ Str+2}
  7048 | D:8      | Found Ifaoploi's General Store.
  7051 | D:8      | 7051 ||| SHOPLISTING +2 pair of boots (247 gold, have 109).
  7051 | D:8      | 7051 ||| SHOPLISTING ring of fire (375 gold, have 109).
  7051 | D:8      | 7051 ||| SHOPLISTING scroll of enchant weapon (112 gold,
                  | have 109).
  7081 | D:8      | Noticed a komodo dragon
  7084 | D:8      | Killed a komodo dragon
  7085 | D:8      | Reached XP level 10. HP: 63/63 MP: 13/13
  7128 | D:8      | 7128 ||| RETREEAATING.
  7138 | D:8      | Found Rasazukara's Magic Scroll Shoppe.
  7158 | D:8      | 7158 ||| BUYING scroll of enchant armour (97 gold).
  7158 | D:8      | Bought a scroll of enchant armour for 97 gold pieces
  7158 | D:8      | 7158 ||| SHOPLISTING scroll of enchant weapon (97 gold,
                  | have 29).
  7158 | D:8      | 7158 ||| BUYING scroll of identify (26 gold).
  7158 | D:8      | Bought a scroll of identify for 26 gold pieces
  7158 | D:8      | 7158 ||| SHOPLISTING scroll of identify (26 gold, have 3).
  7158 | D:8      | 7158 ||| SHOPLISTING scroll of teleportation (39 gold, have
                  | 3).
  7158 | D:8      | 7158 ||| READING scroll of enchant armour.
  7158 | D:8      | 7158 ||| ENCHANTING +0 steam dragon scales.
  7188 | D:8      | 7188 ||| UPGRADING to ring of see invisible.
  7189 | D:8      | 7189 ||| READING 3 scrolls of identify.
  7189 | D:8      | 7189 ||| IDENTIFYING fizzy coppery potion
  7190 | D:8      | 7190 ||| READING 2 scrolls of identify.
  7190 | D:8      | 7190 ||| IDENTIFYING inky potion
  7191 | D:8      | 7191 ||| READING scroll of identify.
  7191 | D:8      | 7191 ||| IDENTIFYING scroll labelled OWNUSM NIAFIELL
  7192 | D:8      | 7192 ||| READING 3 scrolls labelled CEUK XUHUPT.
  7197 | D:8      | 7197 ||| DROPPING scroll of poison.
  7198 | D:8      | 7198 ||| DROPPING potion of ambrosia.
  7241 | D:9      | Reached skill level 8 in Fighting
  7356 | D:9      | Found a glowing silver altar of Zin.
  7546 | D:9      | Noticed Erolcha
  7547 | D:9      | 7547 ||| Stepping ~*~*~tactically~*~*~ (retreating).
  7549 | D:9      | 7549 ||| Stepping ~*~*~tactically~*~*~ (retreating).
  7555 | D:9      | Reached **** piety under Okawaru
  7556 | D:9      | Reached skill level 12 in Ranged Weapons
  7569 | D:9      | Killed Erolcha
  7570 | D:9      | Reached skill level 6 in Invocations
  7694 | D:9      | Noticed Amaemon
  7700 | D:9      | Noticed an orange demon
  7701 | D:9      | 7701 ||| Stepping ~*~*~tactically~*~*~ (retreating).
  7702 | D:9      | 7702 ||| Stepping ~*~*~tactically~*~*~ (retreating).
  7709 | D:9      | Killed Amaemon
  7709 | D:9      | Reached ***** piety under Okawaru
  7715 | D:9      | Killed an orange demon
  7931 | D:9      | Received a gift from Okawaru
  7932 | D:9      | Reached XP level 11. HP: 68/68 MP: 16/16
  8006 | D:9      | Noticed a cyclops
  8008 | D:9      | 8008 ||| Stepping ~*~*~tactically~*~*~ (retreating).
  8015 | D:9      | Killed a cyclops
  8017 | D:9      | Noticed a deep elf pyromancer
  8027 | D:9      | Killed a deep elf pyromancer
  8030 | D:9      | 8030 ||| FLEEEEING.
  8031 | D:9      | 8031 ||| FLEEEEING.
  8033 | D:9      | 8033 ||| FLEEEEING.
  8208 | D:9      | Found an opulent altar of Gozag.
  8304 | D:9      | 8304 ||| UPGRADING to +1 cloak.
  8314 | D:9      | 8314 ||| DROPPING +0 cloak.
  8315 | D:9      | 8315 ||| UPGRADING to amulet of the acrobat.
  8320 | D:9      | 8320 ||| READING 3 scrolls of identify.
  8320 | D:9      | 8320 ||| IDENTIFYING scroll labelled NAUREBL QUCO
  8321 | D:9      | 8321 ||| DROPPING scroll of vulnerability.
  8325 | D:10     | Entered Level 10 of the Dungeon
  8372 | D:10     | Noticed a tengu warrior
  8392 | D:10     | Reached skill level 9 in Fighting
  8486 | D:10     | Killed a tengu warrior
  8670 | D:10     | 8670 ||| Stepping ~*~*~tactically~*~*~ (retreating).
  8674 | D:10     | 8674 ||| Stepping ~*~*~tactically~*~*~ (retreating).
  8680 | D:10     | 8680 ||| Stepping ~*~*~tactically~*~*~ (retreating).
  8688 | D:10     | Received a gift from Okawaru
  8689 | D:10     | Reached skill level 9 in Invocations
  8727 | D:10     | Found a blossoming altar of Fedhas.
  8987 | D:10     | Found a basalt altar of Yredelemnul.
  9062 | D:10     | 9062 ||| READING 2 scrolls of enchant armour.
  9062 | D:10     | 9062 ||| ENCHANTING +1 steam dragon scales.
  9063 | D:10     | 9063 ||| READING scroll of enchant armour.
  9063 | D:10     | 9063 ||| ENCHANTING +2 steam dragon scales.
  9175 | D:10     | Found a white marble altar of Elyvilon.
  9292 | D:10     | 9292 ||| RETREEAATING.
  9293 | D:10     | 9293 ||| STILL RETREEAATING.
  9726 | D:11     | Noticed a two-headed ogre
  9727 | D:11     | 9727 ||| RETREEAATING.
  9732 | D:11     | 9732 ||| STILL RETREEAATING.
  9742 | D:11     | Killed a two-headed ogre
  9744 | D:11     | 9744 ||| FLEEEEING.
  9745 | D:11     | 9745 ||| FLEEEEING.
  9746 | D:11     | 9746 ||| FLEEEEING.
  9747 | D:11     | 9747 ||| FLEEEEING.
  9748 | D:11     | 9748 ||| FLEEEEING.
  9749 | D:11     | 9749 ||| FLEEEEING.
  9750 | D:11     | 9750 ||| FLEEEEING.
  9751 | D:11     | 9751 ||| FLEEEEING.
  9752 | D:11     | 9752 ||| FLEEEEING.
  9753 | D:11     | 9753 ||| FLEEEEING.
  9754 | D:11     | 9754 ||| FLEEEEING.
  9755 | D:11     | 9755 ||| FLEEEEING.
  9756 | D:11     | 9756 ||| FLEEEEING.
  9757 | D:11     | 9757 ||| FLEEEEING.
  9758 | D:11     | 9758 ||| FLEEEEING.
  9759 | D:11     | 9759 ||| FLEEEEING.
  9885 | D:11     | Noticed a cyclops
  9892 | D:11     | 9892 ||| FLEEEEING.
  9893 | D:11     | 9893 ||| FLEEEEING.
  9905 | D:11     | 9905 ||| FLEEEEING.
  9906 | D:11     | 9906 ||| FLEEEEING.
 10007 | D:11     | 10007 ||| RETREEAATING.
 10009 | D:11     | 10009 ||| RETREEAATING.
 10013 | D:11     | 10013 ||| Stepping ~*~*~tactically~*~*~ (retreating).
 10015 | D:11     | Received a gift from Okawaru
 10250 | D:11     | Reached XP level 12. HP: 76/76 MP: 19/19
 10260 | D:11     | Found a staircase to the Lair.
 10275 | D:11     | 10275 ||| RETREEAATING.
 10276 | D:11     | 10276 ||| STILL RETREEAATING.
 10289 | D:11     | 10289 ||| INVOKING Finesse.
 10359 | D:11     | Reached skill level 10 in Fighting
 10422 | D:11     | Received a gift from Okawaru
 10707 | D:11     | 10707 ||| Stepping ~*~*~tactically~*~*~ (retreating).
 10708 | D:11     | 10708 ||| Stepping ~*~*~tactically~*~*~ (retreating).
 10711 | D:11     | 10711 ||| Stepping ~*~*~tactically~*~*~ (retreating).
 10726 | D:11     | Noticed a three-headed hydra
 10731 | D:11     | Killed a three-headed hydra
 10737 | D:11     | Identified the +7 halberd of the Warrior {drain, Stlth+}
 10848 | D:11     | 10848 ||| INVOKING Finesse.
 10874 | D:11     | Reached skill level 15 in Ranged Weapons
 11076 | D:11     | 11076 ||| PLANNING LAIR
 11076 | D:11     | 11076 ||| READING 3 scrolls of identify.
 11076 | D:11     | 11076 ||| IDENTIFYING coppery potion
 11097 | Lair:1   | Entered Level 1 of the Lair of Beasts
 11269 | Lair:1   | 11269 ||| RETREEAATING.
 11502 | Lair:1   | Noticed a boulder beetle
 11518 | Lair:1   | Killed a boulder beetle
 11910 | Lair:1   | 11910 ||| UPGRADING to +5 ring of evasion.
 11978 | Lair:2   | Found a hole to the Spider Nest.
 12022 | Lair:2   | Received a gift from Okawaru
 12023 | Lair:2   | Reached XP level 13. HP: 82/83 MP: 20/20
 12101 | Lair:2   | Found a staircase to the Swamp.
 12199 | Lair:2   | Reached skill level 11 in Fighting
 12334 | Lair:2   | 12334 ||| RETREEAATING.
 12339 | Lair:2   | 12339 ||| Stepping ~*~*~tactically~*~*~ (retreating).
 12517 | Lair:2   | Found a burning altar of Makhleb.
 12843 | Lair:3   | 12843 ||| READING scroll of enchant armour.
 12843 | Lair:3   | 12843 ||| ENCHANTING +3 steam dragon scales.
 13178 | Lair:3   | Reached ****** piety under Okawaru
 13184 | Lair:3   | Reached skill level 12 in Fighting
 13184 | Lair:3   | 13184 ||| INVOKING Receive Weapon.
 13184 | Lair:3   | 13184 ||| 13184 ||| Offered +8 longbow "Kahuny Qadd"
                  | {heavy, rN++ Int+4 SInv Stlth-} with value 3490
 13184 | Lair:3   | 13184 ||| 13184 ||| Offered +0 longbow of the Desert
                  | {heavy, Fly rN++ Will+ Int-5} with value 3450
 13184 | Lair:3   | 13184 ||| 13184 ||| Offered +0 arbalest of freezing with
                  | value 2820.4545454545
 13184 | Lair:3   | 13184 ||| 13184 ||| Offered +2 longbow of flaming with
                  | value 3235
 13184 | Lair:3   | 13184 ||| ACQUIRING +8 longbow "Kahuny Qadd" {heavy, rN++
                  | Int+4 SInv Stlth-}
 13184 | Lair:3   | Acquired the +8 longbow "Kahuny Qadd" {heavy, rN++ Int+4
                  | SInv Stlth-}
 13184 | Lair:3   | Received a gift from Okawaru
 13185 | Lair:3   | 13185 ||| INVOKING Receive Armour.
 13185 | Lair:3   | 13185 ||| 13185 ||| Offered +1 pair of boots of rampaging
                  | with value difference 112.5
 13185 | Lair:3   | 13185 ||| 13185 ||| Offered scarf of Watchfulness
                  | {repulsion, -Cast Slay+5} with value difference 337.5
 13185 | Lair:3   | 13185 ||| 13185 ||| Offered +0 ring mail "Sawuceow" {rC+
                  | Will+ Str+3} with value difference -95
 13185 | Lair:3   | 13185 ||| 13185 ||| Offered +6 crystal plate armour
                  | "Aluqosch" {rPois rF+ rN++ rCorr} with value difference nil
 13185 | Lair:3   | 13185 ||| ACQUIRING scarf of Watchfulness {repulsion, -Cast
                  | Slay+5}
 13185 | Lair:3   | Acquired the scarf of Watchfulness {repulsion, -Cast
                  | Slay+5}
 13185 | Lair:3   | Received a gift from Okawaru
 13187 | Lair:3   | 13187 ||| SWAPPING to +8 longbow "Kahuny Qadd" {heavy, rN++
                  | Int+4 SInv Stlth-}.
 13188 | Lair:3   | 13188 ||| REMOVING ring of see invisible.
 13192 | Lair:3   | 13192 ||| DROPPING +10 orcbow "Rumnamn" {speed, rC+ rN+
                  | Will+ Dex-3}.
 13483 | Lair:3   | 13483 ||| FLEEEEING.
 13484 | Lair:3   | 13484 ||| FLEEEEING.
 13492 | Lair:3   | 13492 ||| STAIRDANCE
 13522 | Lair:2   | 13522 ||| UPGRADING to scarf of Watchfulness {repulsion,
                  | -Cast Slay+5}.
 13532 | Lair:2   | 13532 ||| DROPPING +1 cloak.
 13533 | Lair:2   | 13533 ||| UPGRADING to ring of protection from fire.
 13534 | Lair:2   | 13534 ||| READING 3 scrolls of identify.
 13534 | Lair:2   | 13534 ||| IDENTIFYING pink potion
 13535 | Lair:2   | 13535 ||| DROPPING potion of berserk rage.
 13547 | Lair:3   | Received a gift from Okawaru
 13744 | Lair:4   | 13744 ||| RETREEAATING.
 13745 | Lair:4   | 13745 ||| STILL RETREEAATING.
 13787 | Lair:4   | Identified the ring of Loiplas {rF+ rC++ Str-2 Dex+6
                  | Slay+3}
 13851 | Lair:4   | Identified the +0 plate armour "Udoxag" {rElec rF- rN+++
                  | rCorr}
 13890 | Lair:4   | 13890 ||| Stepping ~*~*~tactically~*~*~ (retreating).
 13898 | Lair:4   | 13898 ||| Stepping ~*~*~tactically~*~*~ (retreating).
 13929 | Lair:4   | HP: 12/86 [hell rat (11)]
 13930 | Lair:4   | 13930 ||| READING 6 scrolls of teleportation.
 13931 | Lair:4   | 13931 ||| DRINKING 4 potions of heal wounds.
 13932 | Lair:4   | Found a staircase to the Slime Pits.
 13949 | Lair:4   | HP: 17/86 [lindwurm/blast of flame (10)]
 13950 | Lair:4   | 13950 ||| READING 5 scrolls of teleportation.
 13951 | Lair:4   | 13951 ||| DRINKING 3 potions of heal wounds.
 13954 | Lair:4   | 13954 ||| Stepping ~*~*~tactically~*~*~ (retreating).
 13955 | Lair:4   | 13955 ||| Stepping ~*~*~tactically~*~*~ (retreating).
 13956 | Lair:4   | 13956 ||| Stepping ~*~*~tactically~*~*~ (retreating).
 13957 | Lair:4   | 13957 ||| Stepping ~*~*~tactically~*~*~ (retreating).
 13958 | Lair:4   | 13958 ||| Stepping ~*~*~tactically~*~*~ (retreating).
 13959 | Lair:4   | 13959 ||| Stepping ~*~*~tactically~*~*~ (retreating).
 13960 | Lair:4   | 13960 ||| Stepping ~*~*~tactically~*~*~ (retreating).
 13961 | Lair:4   | 13961 ||| Stepping ~*~*~tactically~*~*~ (retreating).
 13972 | Lair:4   | Reached skill level 6 in Dodging
 14081 | Lair:4   | Received a gift from Okawaru
 14155 | Lair:4   | Identified the +0 ring mail of Inaction {Regen+ rCorr}
 14172 | Lair:4   | 14172 ||| RETREEAATING.
 14174 | Lair:4   | 14174 ||| Stepping ~*~*~tactically~*~*~ (retreating).
 14296 | Lair:4   | 14296 ||| RETREEAATING.
 14297 | Lair:4   | 14297 ||| STILL RETREEAATING.
 14298 | Lair:4   | 14298 ||| STILL RETREEAATING.
 14299 | Lair:4   | 14299 ||| STILL RETREEAATING.
 14306 | Lair:4   | Gained mutation: Your large and strong wings let you fly.
                  | [Gargoyle growth]
 14306 | Lair:4   | Reached XP level 14. HP: 92/92 MP: 21/21
 14509 | Lair:4   | 14509 ||| Stepping ~*~*~tactically~*~*~ (retreating).
 14515 | Lair:4   | 14515 ||| Stepping ~*~*~tactically~*~*~ (retreating).
 14523 | Lair:4   | Reached skill level 18 in Ranged Weapons
 14547 | Lair:4   | 14547 ||| Stepping ~*~*~tactically~*~*~ (retreating).
 14549 | Lair:4   | 14549 ||| Stepping ~*~*~tactically~*~*~ (retreating).
 14558 | Lair:4   | Received a gift from Okawaru
 14890 | Lair:4   | 14890 ||| DROPPING +0 ring mail of Inaction {Regen+ rCorr}.
 14891 | Lair:4   | 14891 ||| DROPPING ring of see invisible.
 14892 | Lair:4   | 14892 ||| UPGRADING to ring of Loiplas {rF+ rC++ Str-2
                  | Dex+6 Slay+3}.
 14894 | Lair:4   | 14894 ||| DROPPING ring of ice.
 14895 | Lair:4   | 14895 ||| DROPPING +6 ring of intelligence.
 14896 | Lair:4   | 14896 ||| READING 3 scrolls of identify.
 14896 | Lair:4   | 14896 ||| IDENTIFYING scroll labelled QUNKUCZIAJ
 14897 | Lair:4   | 14897 ||| READING 2 scrolls of identify.
 14897 | Lair:4   | 14897 ||| IDENTIFYING 2 scrolls labelled VOIXAO KUPOCW
 14898 | Lair:4   | 14898 ||| DROPPING 2 scrolls of noise.
 14899 | Lair:4   | 14899 ||| DROPPING scroll of blinking.
 14932 | Lair:5   | Entered Level 5 of the Lair of Beasts
 14933 | Lair:5   | 14933 ||| STAIRDANCE
 14940 | Lair:5   | 14940 ||| STAIRDANCE
 14943 | Lair:4   | 14943 ||| Stepping ~*~*~tactically~*~*~ (retreating).
 14944 | Lair:4   | 14944 ||| Stepping ~*~*~tactically~*~*~ (retreating).
 14951 | Lair:5   | 14951 ||| STAIRDANCE
 14953 | Lair:4   | 14953 ||| Stepping ~*~*~tactically~*~*~ (retreating).
 14954 | Lair:4   | 14954 ||| Stepping ~*~*~tactically~*~*~ (retreating).
 14955 | Lair:4   | 14955 ||| Stepping ~*~*~tactically~*~*~ (retreating).
 14956 | Lair:4   | 14956 ||| Stepping ~*~*~tactically~*~*~ (retreating).
 14957 | Lair:4   | 14957 ||| Stepping ~*~*~tactically~*~*~ (retreating).
 14958 | Lair:4   | 14958 ||| Stepping ~*~*~tactically~*~*~ (retreating).
 14959 | Lair:4   | 14959 ||| Stepping ~*~*~tactically~*~*~ (retreating).
 14960 | Lair:4   | 14960 ||| Stepping ~*~*~tactically~*~*~ (retreating).
 14961 | Lair:4   | 14961 ||| Stepping ~*~*~tactically~*~*~ (retreating).
 14962 | Lair:4   | 14962 ||| Stepping ~*~*~tactically~*~*~ (retreating).
 14963 | Lair:4   | 14963 ||| Stepping ~*~*~tactically~*~*~ (retreating).
 14997 | Lair:5   | 14997 ||| INVOKING Finesse.
 15103 | Lair:5   | 15103 ||| RETREEAATING.
 15104 | Lair:5   | 15104 ||| STILL RETREEAATING.
 15105 | Lair:5   | 15105 ||| STILL RETREEAATING.
 15106 | Lair:5   | 15106 ||| STILL RETREEAATING.
 15107 | Lair:5   | 15107 ||| STILL RETREEAATING.
 15108 | Lair:5   | 15108 ||| STILL RETREEAATING.
 15109 | Lair:5   | 15109 ||| STILL RETREEAATING.
 15111 | Lair:5   | 15111 ||| Stepping ~*~*~tactically~*~*~ (retreating).
 15295 | Lair:5   | Received a gift from Okawaru
 15296 | Lair:5   | 15296 ||| Stepping ~*~*~tactically~*~*~ (retreating).
 15304 | Lair:5   | 15304 ||| FLEEEEING.
 15488 | Lair:5   | 15488 ||| Stepping ~*~*~tactically~*~*~ (retreating).
 15530 | Lair:5   | 15530 ||| FLEEEEING.
 15531 | Lair:5   | 15531 ||| FLEEEEING.
 15532 | Lair:5   | 15532 ||| FLEEEEING.
 15619 | Lair:5   | Noticed a dire elephant
 15626 | Lair:5   | Killed a dire elephant
 15687 | Lair:5   | 15687 ||| RETREEAATING.
 15688 | Lair:5   | 15688 ||| STILL RETREEAATING.
 15689 | Lair:5   | 15689 ||| STILL RETREEAATING.
 15690 | Lair:5   | 15690 ||| STILL RETREEAATING.
 15691 | Lair:5   | 15691 ||| STILL RETREEAATING.
 15692 | Lair:5   | 15692 ||| Stepping ~*~*~tactically~*~*~ (retreating).
 15693 | Lair:5   | 15693 ||| Stepping ~*~*~tactically~*~*~ (retreating).
 15694 | Lair:5   | 15694 ||| STILL RETREEAATING.
 15695 | Lair:5   | 15695 ||| STILL RETREEAATING.
 15696 | Lair:5   | 15696 ||| STILL RETREEAATING.
 15699 | Lair:5   | 15699 ||| Stepping ~*~*~tactically~*~*~ (retreating).
 15700 | Lair:5   | 15700 ||| Stepping ~*~*~tactically~*~*~ (retreating).
 15701 | Lair:5   | 15701 ||| Stepping ~*~*~tactically~*~*~ (retreating).
 15703 | Lair:5   | Received a gift from Okawaru
 15805 | Lair:5   | Reached skill level 13 in Fighting
 15809 | Lair:5   | Reached XP level 15. HP: 97/98 MP: 22/22
 16478 | Lair:5   | 16478 ||| PLANNING D
 16478 | Lair:5   | 16478 ||| DROPPING +4 ring mail of willpower.
 16686 | D:12     | Noticed Jorgrun
 16693 | D:12     | Killed Jorgrun
 16896 | D:12     | Reached skill level 9 in Dodging
 16915 | D:12     | Received a gift from Okawaru
 16938 | D:12     | 16938 ||| RETREEAATING.
 16939 | D:12     | 16939 ||| STILL RETREEAATING.
 16942 | D:12     | 16942 ||| Stepping ~*~*~tactically~*~*~ (retreating).
 16988 | D:12     | 16988 ||| Stepping ~*~*~tactically~*~*~ (retreating).
 17054 | D:12     | 17054 ||| READING scroll of enchant armour.
 17054 | D:12     | 17054 ||| ENCHANTING +4 steam dragon scales.
 17218 | D:12     | 17218 ||| DROPPING +2 robe of fire resistance.
 17219 | D:12     | Noticed Josephine
 17220 | D:12     | 17220 ||| Stepping ~*~*~tactically~*~*~ (retreating).
 17222 | D:12     | Noticed Rupert
 17226 | D:12     | 17226 ||| Stepping ~*~*~tactically~*~*~ (retreating).
 17234 | D:12     | 17234 ||| Stepping ~*~*~tactically~*~*~ (retreating).
 17237 | D:12     | Killed Rupert
 17241 | D:12     | Killed Josephine
 17250 | D:12     | 17250 ||| FLEEEEING.
 17251 | D:12     | 17251 ||| FLEEEEING.
 17252 | D:12     | 17252 ||| FLEEEEING.
 17253 | D:12     | 17253 ||| FLEEEEING.
 17254 | D:12     | 17254 ||| FLEEEEING.
 17255 | D:12     | 17255 ||| FLEEEEING.
 17256 | D:12     | 17256 ||| FLEEEEING.
 17257 | D:12     | 17257 ||| FLEEEEING.
 17258 | D:12     | 17258 ||| FLEEEEING.
 17293 | D:12     | Received a gift from Okawaru
 17310 | D:12     | Found a staircase to the Orcish Mines.
 17653 | D:12     | 17653 ||| UPGRADING to +6 ring of dexterity.
 17655 | D:12     | 17655 ||| DROPPING ring of protection from fire.
 17656 | D:12     | 17656 ||| DROPPING +5 ring of evasion.
 17763 | D:13     | Found a transporter.
 18129 | D:13     | Found a transporter.
 18150 | D:13     | 18150 ||| RETREEAATING.
 18151 | D:13     | 18151 ||| STILL RETREEAATING.
 18152 | D:13     | 18152 ||| STILL RETREEAATING.
 18153 | D:13     | 18153 ||| STILL RETREEAATING.
 18511 | D:14     | Noticed Kirke
 18512 | D:14     | 18512 ||| RETREEAATING.
 18522 | D:14     | Killed Kirke
 18523 | D:14     | Reached skill level 6 in Armour
 18532 | D:14     | 18532 ||| FLEEEEING.
 18533 | D:14     | 18533 ||| STAIRDANCE
 18672 | D:14     | 18672 ||| STAIRDANCE
 18739 | D:14     | Received a gift from Okawaru
 18747 | D:14     | 18747 ||| Stepping ~*~*~tactically~*~*~ (retreating).
 18748 | D:14     | 18748 ||| Stepping ~*~*~tactically~*~*~ (retreating).
 18749 | D:14     | 18749 ||| Stepping ~*~*~tactically~*~*~ (retreating).
 18761 | D:14     | Reached XP level 16. HP: 98/105 MP: 23/23
 18901 | D:14     | Found a gate to the Vaults.
 18905 | D:14     | Reached skill level 14 in Fighting
 18946 | D:14     | Found Xuli Rai's Fire Supplies.
 19157 | D:14     | Found a frozen archway.
 19305 | D:14     | 19305 ||| DROPPING ring of resist corrosion.
 19324 | D:15     | Entered Level 15 of the Dungeon
 19343 | D:15     | Noticed Roxanne
 19352 | D:15     | Killed Roxanne
 19363 | D:15     | 19363 ||| Stepping ~*~*~tactically~*~*~ (retreating).
 19364 | D:15     | 19364 ||| INVOKING Finesse.
 19418 | D:15     | Received a gift from Okawaru
 19699 | D:15     | Found Yduneko's Weapon Shop.
 19706 | D:15     | 19706 ||| FLEEEEING.
 19707 | D:15     | 19707 ||| FLEEEEING.
 19708 | D:15     | 19708 ||| FLEEEEING.
 19709 | D:15     | 19709 ||| FLEEEEING.
 19710 | D:15     | 19710 ||| FLEEEEING.
 19711 | D:15     | 19711 ||| FLEEEEING.
 19712 | D:15     | 19712 ||| FLEEEEING.
 19713 | D:15     | 19713 ||| FLEEEEING.
 19714 | D:15     | 19714 ||| FLEEEEING.
 19911 | D:15     | Found a staircase to the Depths.
 19990 | D:15     | Found an iron altar of Okawaru.
 19996 | D:15     | 19996 ||| Stepping ~*~*~tactically~*~*~ (retreating).
 19998 | D:15     | 19998 ||| Stepping ~*~*~tactically~*~*~ (retreating).
 19999 | D:15     | 19999 ||| Stepping ~*~*~tactically~*~*~ (retreating).
 20216 | D:15     | Noticed Nessos
 20220 | D:15     | Killed Nessos
 20221 | D:15     | Reached skill level 15 in Fighting
 20317 | D:15     | 20317 ||| PLANNING ORC
 20317 | D:15     | 20317 ||| UPGRADING to +0 pair of boots.
 20322 | D:15     | 20322 ||| READING 9 scrolls of identify.
 20322 | D:15     | 20322 ||| IDENTIFYING scroll labelled OPNUOFA VYUCUE
 20323 | D:15     | 20323 ||| DROPPING scroll of torment.
 20429 | Orc:1    | Entered Level 1 of the Orcish Mines
 20431 | Orc:1    | 20431 ||| STAIRDANCE
 20496 | Orc:1    | Found Memiprug's Book Shop.
 20496 | Orc:1    | Found a runed translucent door.
 20499 | Orc:1    | Found a shimmering altar of Xom.
 20499 | Orc:1    | Noticed Segg's ghost (adept GnSk)
 20761 | Orc:2    | Entered Level 2 of the Orcish Mines
 20809 | Orc:2    | Found a staircase to the Elven Halls.
 21418 | Orc:2    | 21418 ||| Stepping ~*~*~tactically~*~*~ (retreating).
 21419 | Orc:2    | 21419 ||| Stepping ~*~*~tactically~*~*~ (retreating).
 21420 | Orc:2    | 21420 ||| INVOKING Finesse.
 21422 | Orc:2    | 21422 ||| Stepping ~*~*~tactically~*~*~ (retreating).
 21425 | Orc:2    | Received a gift from Okawaru
 21654 | Orc:2    | Found Xecevvi's Assorted Antiques.
 21654 | Orc:2    | Found Poumoig's Weapon Shop.
 21656 | Orc:2    | Found Miaph's Antique Weapon Emporium.
 21656 | Orc:2    | Found Kuunulut's Antique Armour Shop.
 21793 | Orc:2    | 21793 ||| PLANNING SPIDER:1-3
 21948 | Spider:1 | Entered Level 1 of the Spider Nest
 22316 | Spider:1 | 22316 ||| Stepping ~*~*~tactically~*~*~ (retreating).
 22317 | Spider:1 | 22317 ||| Stepping ~*~*~tactically~*~*~ (retreating).
 22318 | Spider:1 | 22318 ||| Stepping ~*~*~tactically~*~*~ (retreating).
 22319 | Spider:1 | 22319 ||| Stepping ~*~*~tactically~*~*~ (retreating).
 22320 | Spider:1 | 22320 ||| Stepping ~*~*~tactically~*~*~ (retreating).
 22321 | Spider:1 | 22321 ||| Stepping ~*~*~tactically~*~*~ (retreating).
 22322 | Spider:1 | 22322 ||| Stepping ~*~*~tactically~*~*~ (retreating).
 22327 | Spider:1 | Reached skill level 12 in Dodging
 22481 | Spider:1 | Received a gift from Okawaru
 22531 | Spider:1 | Noticed Agnes
 22533 | Spider:1 | Killed Agnes
 22534 | Spider:1 | Reached XP level 17. HP: 113/113 MP: 24/24
 22546 | Spider:1 | 22546 ||| READING scroll of enchant armour.
 22546 | Spider:1 | 22546 ||| ENCHANTING +0 pair of gloves.
 22735 | Spider:1 | Reached skill level 16 in Fighting
 22801 | Spider:1 | 22801 ||| DROPPING +2 cloak.
 22802 | Spider:1 | 22802 ||| DROPPING ring of fire.
 23246 | Spider:2 | 23246 ||| DROPPING scarf of invisibility.
 23324 | Spider:3 | 23324 ||| Stepping ~*~*~tactically~*~*~ (retreating).
 23325 | Spider:3 | 23325 ||| Stepping ~*~*~tactically~*~*~ (retreating).
 23331 | Spider:3 | 23331 ||| Stepping ~*~*~tactically~*~*~ (retreating).
 23332 | Spider:3 | 23332 ||| Stepping ~*~*~tactically~*~*~ (retreating).
 23337 | Spider:3 | Gained mutation: You possess an exceptional clarity of
                  | mind. [mutagenic glow]
 23457 | Spider:3 | Received a gift from Okawaru
 23580 | Spider:3 | 23580 ||| Stepping ~*~*~tactically~*~*~ (retreating).
 23580 | Spider:3 | Noticed Arachne
 23581 | Spider:3 | 23581 ||| Stepping ~*~*~tactically~*~*~ (retreating).
 23582 | Spider:3 | 23582 ||| Stepping ~*~*~tactically~*~*~ (retreating).
 23583 | Spider:3 | 23583 ||| Stepping ~*~*~tactically~*~*~ (retreating).
 23584 | Spider:3 | 23584 ||| RETREEAATING.
 23585 | Spider:3 | 23585 ||| Stepping ~*~*~tactically~*~*~ (retreating).
 23586 | Spider:3 | 23586 ||| INVOKING Finesse.
 23593 | Spider:3 | Killed Arachne
 23977 | Spider:3 | 23977 ||| PLANNING SWAMP:1-3
 24079 | Swamp:1  | Entered Level 1 of the Swamp
 24085 | Swamp:1  | Received a gift from Okawaru
 24275 | Swamp:1  | Reached skill level 17 in Fighting
 24627 | Swamp:2  | Reached skill level 9 in Armour
 24758 | Swamp:2  | Received a gift from Okawaru
 24958 | Swamp:2  | 24958 ||| FLEEEEING.
 24959 | Swamp:2  | 24959 ||| FLEEEEING.
 24960 | Swamp:2  | 24960 ||| FLEEEEING.
 24961 | Swamp:2  | 24961 ||| FLEEEEING.
 24962 | Swamp:2  | 24962 ||| FLEEEEING.
 24967 | Swamp:2  | 24967 ||| STAIRDANCE
 25039 | Swamp:1  | 25039 ||| READING 9 scrolls of identify.
 25039 | Swamp:1  | 25039 ||| IDENTIFYING purple potion
 25040 | Swamp:1  | 25040 ||| DROPPING potion of degeneration.
 25043 | Swamp:2  | 25043 ||| STAIRDANCE
 25385 | Swamp:3  | Reached skill level 18 in Fighting
 25649 | Swamp:3  | Reached XP level 18. HP: 125/125 MP: 25/25
 25758 | Swamp:3  | Noticed Bai Suzhen
 25761 | Swamp:3  | 25761 ||| RETREEAATING.
 25763 | Swamp:3  | 25763 ||| RETREEAATING.
 25764 | Swamp:3  | 25764 ||| STILL RETREEAATING.
 25771 | Swamp:3  | Killed Bai Suzhen
 25771 | Swamp:3  | Received a gift from Okawaru
 25772 | Swamp:3  | 25772 ||| Stepping ~*~*~tactically~*~*~ (cloud).
 26111 | Swamp:3  | 26111 ||| PLANNING SPIDER:4
 26261 | Spider:4 | Entered Level 4 of the Spider Nest
 26261 | Spider:4 | Noticed Mara
 26262 | Spider:4 | 26262 ||| STAIRDANCE
 26263 | Spider:4 | Noticed qw's illusion
 26267 | Spider:4 | Noticed Donald
 26268 | Spider:4 | 26268 ||| STAIRDANCE
 26270 | Spider:3 | 26270 ||| Stepping ~*~*~tactically~*~*~ (retreating).
 26271 | Spider:3 | 26271 ||| Stepping ~*~*~tactically~*~*~ (retreating).
 26272 | Spider:3 | 26272 ||| Stepping ~*~*~tactically~*~*~ (retreating).
 26273 | Spider:3 | 26273 ||| Stepping ~*~*~tactically~*~*~ (retreating).
 26274 | Spider:3 | 26274 ||| Stepping ~*~*~tactically~*~*~ (retreating).
 26275 | Spider:3 | 26275 ||| Stepping ~*~*~tactically~*~*~ (retreating).
 26276 | Spider:3 | 26276 ||| Stepping ~*~*~tactically~*~*~ (retreating).
 26277 | Spider:3 | 26277 ||| Stepping ~*~*~tactically~*~*~ (retreating).
 26390 | Spider:4 | 26390 ||| STAIRDANCE
 26394 | Spider:3 | 26394 ||| INVOKING Finesse.
 26395 | Spider:3 | Killed Donald
 26589 | Spider:4 | 26589 ||| STAIRDANCE
 26617 | Spider:4 | 26617 ||| INVOKING Finesse.
 26618 | Spider:4 | 26618 ||| STAIRDANCE
 26645 | Spider:4 | 26645 ||| STAIRDANCE
 26646 | Spider:4 | Noticed qw's illusion
 26652 | Spider:4 | 26652 ||| STAIRDANCE
 26708 | Spider:4 | Noticed qw's illusion
 26708 | Spider:4 | 26708 ||| RETREEAATING.
 26718 | Spider:4 | Noticed qw's illusion
 26719 | Spider:4 | 26719 ||| STILL RETREEAATING.
 26720 | Spider:4 | 26720 ||| STILL RETREEAATING.
 26729 | Spider:4 | 26729 ||| INVOKING Finesse.
 26738 | Spider:4 | Noticed qw's illusion
 26738 | Spider:4 | Killed Mara
 26863 | Spider:4 | 26863 ||| READING scroll of enchant armour.
 26863 | Spider:4 | 26863 ||| ENCHANTING +1 pair of gloves.
 26883 | Spider:4 | 26883 ||| RETREEAATING.
 26885 | Spider:4 | 26885 ||| RETREEAATING.
 26890 | Spider:4 | 26890 ||| RETREEAATING.
 26892 | Spider:4 | 26892 ||| STILL RETREEAATING.
 26893 | Spider:4 | 26893 ||| STILL RETREEAATING.
 26910 | Spider:4 | Identified the serpent talisman of Saefoixzyf {Fly Will-
                  | Dex+2}
 26910 | Spider:4 | Noticed Aizul
 26918 | Spider:4 | 26918 ||| Stepping ~*~*~tactically~*~*~ (retreating).
 26919 | Spider:4 | 26919 ||| Stepping ~*~*~tactically~*~*~ (retreating).
 26920 | Spider:4 | 26920 ||| Stepping ~*~*~tactically~*~*~ (retreating).
 26921 | Spider:4 | 26921 ||| Stepping ~*~*~tactically~*~*~ (retreating).
 26922 | Spider:4 | 26922 ||| Stepping ~*~*~tactically~*~*~ (retreating).
 26923 | Spider:4 | 26923 ||| INVOKING Finesse.
 26926 | Spider:4 | Killed Aizul
 26932 | Spider:4 | Received a gift from Okawaru
 26988 | Spider:4 | Reached skill level 19 in Fighting
 27123 | Spider:4 | 27123 ||| RETREEAATING.
 27124 | Spider:4 | 27124 ||| STILL RETREEAATING.
 27125 | Spider:4 | 27125 ||| Stepping ~*~*~tactically~*~*~ (retreating).
 27126 | Spider:4 | 27126 ||| Stepping ~*~*~tactically~*~*~ (retreating).
 27127 | Spider:4 | 27127 ||| Stepping ~*~*~tactically~*~*~ (retreating).
 27133 | Spider:4 | 27133 ||| INVOKING Finesse.
 27288 | Spider:4 | 27288 ||| Stepping ~*~*~tactically~*~*~ (retreating).
 27289 | Spider:4 | 27289 ||| Stepping ~*~*~tactically~*~*~ (retreating).
 27291 | Spider:4 | 27291 ||| Stepping ~*~*~tactically~*~*~ (retreating).
 27292 | Spider:4 | 27292 ||| Stepping ~*~*~tactically~*~*~ (retreating).
 27310 | Spider:4 | 27310 ||| FLEEEEING.
 27311 | Spider:4 | 27311 ||| FLEEEEING.
 27313 | Spider:4 | 27313 ||| FLEEEEING.
 27419 | Spider:4 | Received a gift from Okawaru
 27443 | Spider:4 | 27443 ||| FLEEEEING.
 27444 | Spider:4 | 27444 ||| FLEEEEING.
 27445 | Spider:4 | 27445 ||| FLEEEEING.
 27446 | Spider:4 | 27446 ||| FLEEEEING.
 27447 | Spider:4 | 27447 ||| FLEEEEING.
 27448 | Spider:4 | 27448 ||| FLEEEEING.
 27449 | Spider:4 | 27449 ||| FLEEEEING.
 27451 | Spider:4 | 27451 ||| FLEEEEING.
 27452 | Spider:4 | 27452 ||| FLEEEEING.
 27453 | Spider:4 | 27453 ||| FLEEEEING.
 27793 | Spider:4 | 27793 ||| FLEEEEING.
 27795 | Spider:4 | 27795 ||| FLEEEEING.
 27796 | Spider:4 | 27796 ||| FLEEEEING.
 27797 | Spider:4 | 27797 ||| FLEEEEING.
 27798 | Spider:4 | 27798 ||| FLEEEEING.
 27799 | Spider:4 | 27799 ||| FLEEEEING.
 27800 | Spider:4 | 27800 ||| FLEEEEING.
 27801 | Spider:4 | 27801 ||| FLEEEEING.
 27802 | Spider:4 | 27802 ||| STAIRDANCE
 27934 | Spider:3 | 27934 ||| READING 10 scrolls of identify.
 27934 | Spider:3 | 27934 ||| IDENTIFYING scroll labelled VYGIBUOFIPP
 27935 | Spider:3 | 27935 ||| DROPPING scroll of summoning.
 27941 | Spider:4 | 27941 ||| STAIRDANCE
 28275 | Spider:4 | Got a gossamer rune of Zot
 28293 | Spider:4 | 28293 ||| PLANNING VAULTS:1-4
 28293 | Spider:4 | 28293 ||| UPGRADING to +2 pair of gloves of dexterity.
 28303 | Spider:4 | 28303 ||| DROPPING +2 pair of gloves.
 28304 | Spider:4 | 28304 ||| DROPPING +0 pair of gloves of strength.
 28567 | Vaults:1 | Entered Level 1 of the Vaults
 28568 | Vaults:1 | 28568 ||| STAIRDANCE
 28630 | Vaults:1 | 28630 ||| STAIRDANCE
 28632 | D:14     | 28632 ||| Stepping ~*~*~tactically~*~*~ (retreating).
 28633 | D:14     | 28633 ||| Stepping ~*~*~tactically~*~*~ (retreating).
 28634 | D:14     | 28634 ||| Stepping ~*~*~tactically~*~*~ (retreating).
 28635 | D:14     | 28635 ||| Stepping ~*~*~tactically~*~*~ (retreating).
 28636 | D:14     | 28636 ||| Stepping ~*~*~tactically~*~*~ (retreating).
 28638 | D:14     | 28638 ||| Stepping ~*~*~tactically~*~*~ (retreating).
 28639 | D:14     | 28639 ||| Stepping ~*~*~tactically~*~*~ (retreating).
 28648 | D:14     | Reached skill level 15 in Dodging
 28679 | Vaults:1 | 28679 ||| STAIRDANCE
 28687 | D:14     | Received a gift from Okawaru
 28882 | Vaults:1 | Reached XP level 19. HP: 132/132 MP: 26/26
 28900 | Vaults:1 | 28900 ||| FLEEEEING.
 28901 | Vaults:1 | 28901 ||| FLEEEEING.
 28902 | Vaults:1 | 28902 ||| FLEEEEING.
 28903 | Vaults:1 | 28903 ||| FLEEEEING.
 28905 | Vaults:1 | 28905 ||| FLEEEEING.
 28914 | Vaults:1 | 28914 ||| FLEEEEING.
 28915 | Vaults:1 | 28915 ||| FLEEEEING.
 28916 | Vaults:1 | 28916 ||| FLEEEEING.
 28917 | Vaults:1 | 28917 ||| FLEEEEING.
 29016 | Vaults:1 | 29016 ||| RETREEAATING.
 29017 | Vaults:1 | 29017 ||| STILL RETREEAATING.
 29018 | Vaults:1 | 29018 ||| STILL RETREEAATING.
 29019 | Vaults:1 | 29019 ||| STILL RETREEAATING.
 29020 | Vaults:1 | 29020 ||| STILL RETREEAATING.
 29021 | Vaults:1 | 29021 ||| STILL RETREEAATING.
 29022 | Vaults:1 | 29022 ||| STILL RETREEAATING.
 29023 | Vaults:1 | 29023 ||| STILL RETREEAATING.
 29024 | Vaults:1 | 29024 ||| STILL RETREEAATING.
 29025 | Vaults:1 | 29025 ||| STILL RETREEAATING.
 29026 | Vaults:1 | 29026 ||| STILL RETREEAATING.
 29028 | Vaults:1 | 29028 ||| STILL RETREEAATING.
 29029 | Vaults:1 | 29029 ||| STILL RETREEAATING.
 29031 | Vaults:1 | 29031 ||| STILL RETREEAATING.
 29034 | Vaults:1 | 29034 ||| STILL RETREEAATING.
 29035 | Vaults:1 | 29035 ||| STILL RETREEAATING.
 29036 | Vaults:1 | 29036 ||| STILL RETREEAATING.
 29038 | Vaults:1 | 29038 ||| RETREEAATING.
 29041 | Vaults:1 | 29041 ||| Stepping ~*~*~tactically~*~*~ (retreating).
 29042 | Vaults:1 | 29042 ||| Stepping ~*~*~tactically~*~*~ (retreating).
 29196 | Vaults:1 | 29196 ||| Stepping ~*~*~tactically~*~*~ (retreating).
 29201 | Vaults:1 | 29201 ||| Stepping ~*~*~tactically~*~*~ (retreating).
 29203 | Vaults:1 | 29203 ||| INVOKING Finesse.
 29203 | Vaults:1 | Paralysed by a sphinx for 4 turns
 29220 | Vaults:1 | Received a gift from Okawaru
 29410 | Vaults:1 | 29410 ||| Stepping ~*~*~tactically~*~*~ (retreating).
 29411 | Vaults:1 | 29411 ||| INVOKING Finesse.
 29531 | Vaults:1 | 29531 ||| RETREEAATING.
 29532 | Vaults:1 | 29532 ||| STILL RETREEAATING.
 29533 | Vaults:1 | 29533 ||| STILL RETREEAATING.
 29844 | Vaults:1 | 29844 ||| Stepping ~*~*~tactically~*~*~ (retreating).
 29845 | Vaults:1 | 29845 ||| Stepping ~*~*~tactically~*~*~ (retreating).
 29846 | Vaults:1 | 29846 ||| Stepping ~*~*~tactically~*~*~ (retreating).
 29847 | Vaults:1 | 29847 ||| Stepping ~*~*~tactically~*~*~ (retreating).
 29848 | Vaults:1 | 29848 ||| Stepping ~*~*~tactically~*~*~ (retreating).
 29850 | Vaults:1 | 29850 ||| RETREEAATING.
 29852 | Vaults:1 | 29852 ||| Stepping ~*~*~tactically~*~*~ (retreating).
 29853 | Vaults:1 | 29853 ||| Stepping ~*~*~tactically~*~*~ (retreating).
 29855 | Vaults:1 | 29855 ||| Stepping ~*~*~tactically~*~*~ (retreating).
 29857 | Vaults:1 | 29857 ||| Stepping ~*~*~tactically~*~*~ (retreating).
 29859 | Vaults:1 | Reached skill level 20 in Fighting
 29860 | Vaults:1 | 29860 ||| Stepping ~*~*~tactically~*~*~ (retreating).
 29868 | Vaults:1 | Received a gift from Okawaru
 29906 | Vaults:1 | 29906 ||| FLEEEEING.
 29907 | Vaults:1 | 29907 ||| FLEEEEING.
 29908 | Vaults:1 | 29908 ||| FLEEEEING.
 29909 | Vaults:1 | 29909 ||| FLEEEEING.
 29910 | Vaults:1 | 29910 ||| FLEEEEING.
 30031 | Vaults:1 | 30031 ||| DROPPING +1 hand cannon of draining.
 30423 | Vaults:2 | Noticed Xtahua
 30424 | Vaults:2 | 30424 ||| DRINKING 2 potions of resistance.
 30429 | Vaults:2 | Killed Xtahua
 30541 | Vaults:2 | 30541 ||| INVOKING Finesse.
 30605 | Vaults:2 | 30605 ||| READING scroll of enchant armour.
 30605 | Vaults:2 | 30605 ||| ENCHANTING +0 pair of boots.
 30637 | Vaults:2 | 30637 ||| RETREEAATING.
 30640 | Vaults:2 | 30640 ||| RETREEAATING.
 30642 | Vaults:2 | 30642 ||| STILL RETREEAATING.
 30644 | Vaults:2 | 30644 ||| INVOKING Finesse.
 30658 | Vaults:2 | Received a gift from Okawaru
 30940 | Vaults:2 | 30940 ||| FLEEEEING.
 30943 | Vaults:2 | 30943 ||| FLEEEEING.
 30944 | Vaults:2 | 30944 ||| FLEEEEING.
 30945 | Vaults:2 | 30945 ||| FLEEEEING.
 30946 | Vaults:2 | 30946 ||| FLEEEEING.
 30947 | Vaults:2 | 30947 ||| FLEEEEING.
 30961 | Vaults:2 | 30961 ||| FLEEEEING.
 30964 | Vaults:2 | 30964 ||| FLEEEEING.
 30965 | Vaults:2 | 30965 ||| FLEEEEING.
 30966 | Vaults:2 | 30966 ||| FLEEEEING.
 30967 | Vaults:2 | 30967 ||| FLEEEEING.
 30972 | Vaults:2 | 30972 ||| FLEEEEING.
 30973 | Vaults:2 | 30973 ||| FLEEEEING.
 30974 | Vaults:2 | 30974 ||| FLEEEEING.
 30975 | Vaults:2 | 30975 ||| FLEEEEING.
 30976 | Vaults:2 | 30976 ||| FLEEEEING.
 30977 | Vaults:2 | 30977 ||| FLEEEEING.
 30983 | Vaults:2 | 30983 ||| FLEEEEING.
 30984 | Vaults:2 | 30984 ||| FLEEEEING.
 30985 | Vaults:2 | 30985 ||| FLEEEEING.
 30990 | Vaults:2 | 30990 ||| FLEEEEING.
 30991 | Vaults:2 | 30991 ||| FLEEEEING.
 30992 | Vaults:2 | 30992 ||| FLEEEEING.
 30993 | Vaults:2 | 30993 ||| FLEEEEING.
 30994 | Vaults:2 | 30994 ||| FLEEEEING.
 30995 | Vaults:2 | 30995 ||| FLEEEEING.
 30996 | Vaults:2 | 30996 ||| FLEEEEING.
 30997 | Vaults:2 | 30997 ||| FLEEEEING.
 30998 | Vaults:2 | 30998 ||| FLEEEEING.
 30999 | Vaults:2 | 30999 ||| FLEEEEING.
 31000 | Vaults:2 | 31000 ||| FLEEEEING.
 31001 | Vaults:2 | 31001 ||| FLEEEEING.
 31002 | Vaults:2 | 31002 ||| FLEEEEING.
 31003 | Vaults:2 | 31003 ||| FLEEEEING.
 31009 | Vaults:2 | 31009 ||| FLEEEEING.
 31010 | Vaults:2 | 31010 ||| FLEEEEING.
 31011 | Vaults:2 | 31011 ||| FLEEEEING.
 31012 | Vaults:2 | 31012 ||| FLEEEEING.
 31013 | Vaults:2 | 31013 ||| FLEEEEING.
 31014 | Vaults:2 | 31014 ||| FLEEEEING.
 31034 | Vaults:2 | Reached XP level 20. HP: 140/140 MP: 27/27
 31036 | Vaults:2 | 31036 ||| Stepping ~*~*~tactically~*~*~ (retreating).
 31037 | Vaults:2 | 31037 ||| Stepping ~*~*~tactically~*~*~ (retreating).
 31046 | Vaults:2 | 31046 ||| FLEEEEING.
 31136 | Vaults:2 | Received a gift from Okawaru
 31199 | Vaults:2 | 31199 ||| FLEEEEING.
 31200 | Vaults:2 | 31200 ||| FLEEEEING.
 31208 | Vaults:2 | 31208 ||| STAIRDANCE
 31250 | Vaults:1 | 31250 ||| UPGRADING to amulet of faith.
 31284 | Vaults:2 | 31284 ||| FLEEEEING.
 31307 | Vaults:2 | 31307 ||| FLEEEEING.
 31410 | Vaults:2 | Reached skill level 21 in Fighting
 31600 | Vaults:2 | Found a staircase to the Crypt.
 31837 | Vaults:3 | 31837 ||| Stepping ~*~*~tactically~*~*~ (retreating).
 31838 | Vaults:3 | 31838 ||| Stepping ~*~*~tactically~*~*~ (retreating).
 31849 | Vaults:3 | 31849 ||| Stepping ~*~*~tactically~*~*~ (retreating).
 31852 | Vaults:3 | Received a gift from Okawaru
 31853 | Vaults:3 | 31853 ||| Stepping ~*~*~tactically~*~*~ (retreating).
 31860 | Vaults:3 | 31860 ||| Stepping ~*~*~tactically~*~*~ (retreating).
 31862 | Vaults:3 | 31862 ||| Stepping ~*~*~tactically~*~*~ (retreating).
 31864 | Vaults:3 | 31864 ||| Stepping ~*~*~tactically~*~*~ (retreating).
 31870 | Vaults:3 | 31870 ||| Stepping ~*~*~tactically~*~*~ (retreating).
 31873 | Vaults:3 | 31873 ||| Stepping ~*~*~tactically~*~*~ (retreating).
 31880 | Vaults:3 | 31880 ||| INVOKING Finesse.
 32076 | Vaults:3 | 32076 ||| RETREEAATING.
 32089 | Vaults:3 | 32089 ||| RETREEAATING.
 32092 | Vaults:3 | 32092 ||| STILL RETREEAATING.
 32093 | Vaults:3 | 32093 ||| STILL RETREEAATING.
 32094 | Vaults:3 | 32094 ||| STILL RETREEAATING.
 32095 | Vaults:3 | 32095 ||| STILL RETREEAATING.
 32096 | Vaults:3 | 32096 ||| STILL RETREEAATING.
 32099 | Vaults:3 | 32099 ||| STILL RETREEAATING.
 32128 | Vaults:3 | Received a gift from Okawaru
 32132 | Vaults:3 | Reached skill level 18 in Dodging
 32221 | Vaults:3 | You are sucked into a shaft and drop 1 floor!
 32254 | Vaults:3 | 32254 ||| Stepping ~*~*~tactically~*~*~ (retreating).
 32255 | Vaults:3 | 32255 ||| Stepping ~*~*~tactically~*~*~ (retreating).
 32256 | Vaults:3 | 32256 ||| Stepping ~*~*~tactically~*~*~ (retreating).
 32257 | Vaults:3 | 32257 ||| Stepping ~*~*~tactically~*~*~ (retreating).
 32296 | Vaults:3 | Found Deiciz's Armour Boutique.
 32475 | Vaults:3 | 32475 ||| Stepping ~*~*~tactically~*~*~ (retreating).
 32478 | Vaults:3 | 32478 ||| Stepping ~*~*~tactically~*~*~ (retreating).
 32479 | Vaults:3 | 32479 ||| Stepping ~*~*~tactically~*~*~ (retreating).
 32481 | Vaults:3 | Received a gift from Okawaru
 32619 | Vaults:3 | HP: 35/145 [vault guard/+1 war axe[a vault warden] (16)]
 32620 | Vaults:3 | 32620 ||| READING 12 scrolls of teleportation.
 32621 | Vaults:3 | 32621 ||| DRINKING 5 potions of heal wounds.
 32636 | Vaults:3 | 32636 ||| FLEEEEING.
 32637 | Vaults:3 | 32637 ||| FLEEEEING.
 32661 | Vaults:3 | 32661 ||| FLEEEEING.
 32662 | Vaults:3 | 32662 ||| FLEEEEING.
 32907 | Vaults:3 | 32907 ||| Stepping ~*~*~tactically~*~*~ (retreating).
 32908 | Vaults:3 | 32908 ||| Stepping ~*~*~tactically~*~*~ (retreating).
 32909 | Vaults:3 | 32909 ||| Stepping ~*~*~tactically~*~*~ (retreating).
 32959 | Vaults:3 | Reached skill level 22 in Fighting
 32966 | Vaults:3 | 32966 ||| RETREEAATING.
 32967 | Vaults:3 | 32967 ||| Stepping ~*~*~tactically~*~*~ (retreating).
 32968 | Vaults:3 | 32968 ||| Stepping ~*~*~tactically~*~*~ (retreating).
 32969 | Vaults:3 | 32969 ||| Stepping ~*~*~tactically~*~*~ (retreating).
 32971 | Vaults:3 | Reached XP level 21. HP: 151/151 MP: 28/28
 33221 | Vaults:3 | Received a gift from Okawaru
 33351 | Vaults:4 | 33351 ||| STAIRDANCE
 33372 | Vaults:4 | 33372 ||| STAIRDANCE
 33664 | Vaults:4 | Noticed Sojobo
 33667 | Vaults:4 | 33667 ||| Stepping ~*~*~tactically~*~*~ (retreating).
 33668 | Vaults:4 | 33668 ||| INVOKING Finesse.
 33681 | Vaults:4 | Paralysed by an air elemental for 1 turns
 33688 | Vaults:4 | Killed Sojobo
 33840 | Vaults:4 | Received a gift from Okawaru
 33896 | Vaults:4 | 33896 ||| READING scroll of enchant armour.
 33896 | Vaults:4 | 33896 ||| ENCHANTING +1 pair of boots.
 34114 | Vaults:4 | Reached skill level 12 in Armour
 34310 | Vaults:4 | Found a radiant altar of Vehumet.
 34319 | Vaults:4 | Identified the +1 hat of Woduloty {Rampage}
 34436 | Vaults:4 | 34436 ||| RETREEAATING.
 34438 | Vaults:4 | 34438 ||| STILL RETREEAATING.
 34439 | Vaults:4 | 34439 ||| Stepping ~*~*~tactically~*~*~ (retreating).
 34440 | Vaults:4 | 34440 ||| STILL RETREEAATING.
 34441 | Vaults:4 | 34441 ||| Stepping ~*~*~tactically~*~*~ (retreating).
 34442 | Vaults:4 | 34442 ||| Stepping ~*~*~tactically~*~*~ (retreating).
 34443 | Vaults:4 | 34443 ||| Stepping ~*~*~tactically~*~*~ (retreating).
 34453 | Vaults:4 | Received a gift from Okawaru
 34638 | Vaults:4 | 34638 ||| FLEEEEING.
 34639 | Vaults:4 | 34639 ||| FLEEEEING.
 34640 | Vaults:4 | 34640 ||| FLEEEEING.
 34641 | Vaults:4 | 34641 ||| FLEEEEING.
 34648 | Vaults:4 | 34648 ||| FLEEEEING.
 34649 | Vaults:4 | 34649 ||| FLEEEEING.
 34650 | Vaults:4 | 34650 ||| FLEEEEING.
 34651 | Vaults:4 | 34651 ||| FLEEEEING.
 34766 | Vaults:4 | Noticed Mennas
 34788 | Vaults:4 | Killed Mennas
 35026 | Vaults:4 | 35026 ||| RETREEAATING.
 35028 | Vaults:4 | 35028 ||| Stepping ~*~*~tactically~*~*~ (retreating).
 35031 | Vaults:4 | 35031 ||| Stepping ~*~*~tactically~*~*~ (retreating).
 35053 | Vaults:4 | 35053 ||| UPGRADING to +2 hat.
 35058 | Vaults:4 | 35058 ||| DROPPING +2 hat.
 35059 | Vaults:4 | 35059 ||| DROPPING +1 hat of Woduloty {Rampage}.
 35060 | Vaults:4 | 35060 ||| UPGRADING to +1 hat of willpower.
 35070 | Vaults:4 | 35070 ||| DROPPING +2 hat.
 35071 | Vaults:4 | 35071 ||| DROPPING +2 hat.
 35072 | Vaults:4 | 35072 ||| DROPPING +2 hat.
 35118 | Vaults:5 | Entered Level 5 of the Vaults
 35119 | Vaults:5 | 35119 ||| INVOKING Finesse.
 35120 | Vaults:5 | 35120 ||| STAIRDANCE
 35127 | Vaults:4 | Received a gift from Okawaru
 35173 | Vaults:5 | 35173 ||| STAIRDANCE
 35175 | Vaults:4 | 35175 ||| Stepping ~*~*~tactically~*~*~ (retreating).
 35176 | Vaults:4 | 35176 ||| Stepping ~*~*~tactically~*~*~ (retreating).
 35177 | Vaults:4 | 35177 ||| Stepping ~*~*~tactically~*~*~ (retreating).
 35178 | Vaults:4 | 35178 ||| Stepping ~*~*~tactically~*~*~ (retreating).
 35179 | Vaults:4 | 35179 ||| INVOKING Finesse.
 35257 | Vaults:5 | 35257 ||| INVOKING Finesse.
 35262 | Vaults:5 | Reached skill level 23 in Fighting
 35262 | Vaults:5 | 35262 ||| STAIRDANCE
 35266 | Vaults:4 | 35266 ||| Stepping ~*~*~tactically~*~*~ (retreating).
 35267 | Vaults:4 | 35267 ||| Stepping ~*~*~tactically~*~*~ (retreating).
 35268 | Vaults:4 | 35268 ||| Stepping ~*~*~tactically~*~*~ (retreating).
 35269 | Vaults:4 | 35269 ||| Stepping ~*~*~tactically~*~*~ (retreating).
 35270 | Vaults:4 | 35270 ||| Stepping ~*~*~tactically~*~*~ (retreating).
 35271 | Vaults:4 | 35271 ||| Stepping ~*~*~tactically~*~*~ (retreating).
 35272 | Vaults:4 | 35272 ||| Stepping ~*~*~tactically~*~*~ (retreating).
 35428 | Vaults:5 | 35428 ||| STAIRDANCE
 35430 | Vaults:4 | 35430 ||| Stepping ~*~*~tactically~*~*~ (retreating).
 35431 | Vaults:4 | 35431 ||| Stepping ~*~*~tactically~*~*~ (retreating).
 35432 | Vaults:4 | 35432 ||| Stepping ~*~*~tactically~*~*~ (retreating).
 35433 | Vaults:4 | 35433 ||| Stepping ~*~*~tactically~*~*~ (retreating).
 35434 | Vaults:4 | 35434 ||| INVOKING Finesse.
 35451 | Vaults:4 | Received a gift from Okawaru
 35515 | Vaults:5 | 35515 ||| STAIRDANCE
 35517 | Vaults:4 | 35517 ||| INVOKING Finesse.
 35520 | Vaults:4 | 35520 ||| Stepping ~*~*~tactically~*~*~ (retreating).
 35521 | Vaults:4 | 35521 ||| Stepping ~*~*~tactically~*~*~ (retreating).
 35522 | Vaults:4 | 35522 ||| Stepping ~*~*~tactically~*~*~ (retreating).
 35523 | Vaults:4 | 35523 ||| Stepping ~*~*~tactically~*~*~ (retreating).
 35524 | Vaults:4 | 35524 ||| Stepping ~*~*~tactically~*~*~ (retreating).
 35525 | Vaults:4 | 35525 ||| Stepping ~*~*~tactically~*~*~ (retreating).
 35526 | Vaults:4 | 35526 ||| Stepping ~*~*~tactically~*~*~ (retreating).
 35541 | Vaults:4 | 35541 ||| DRINKING 3 potions of cancellation.
 35544 | Vaults:4 | Reached XP level 22. HP: 98/160 MP: 26/29
 35740 | Vaults:5 | 35740 ||| STAIRDANCE
 35748 | Vaults:5 | 35748 ||| STAIRDANCE
 35808 | Vaults:5 | 35808 ||| STAIRDANCE
 35813 | Vaults:5 | 35813 ||| STAIRDANCE
 35847 | Vaults:5 | 35847 ||| STAIRDANCE
 35849 | Vaults:4 | 35849 ||| Stepping ~*~*~tactically~*~*~ (retreating).
 35850 | Vaults:4 | 35850 ||| Stepping ~*~*~tactically~*~*~ (retreating).
 35851 | Vaults:4 | 35851 ||| Stepping ~*~*~tactically~*~*~ (retreating).
 35852 | Vaults:4 | 35852 ||| Stepping ~*~*~tactically~*~*~ (retreating).
 35920 | Vaults:5 | 35920 ||| STAIRDANCE
 35922 | Vaults:4 | 35922 ||| Stepping ~*~*~tactically~*~*~ (retreating).
 35923 | Vaults:4 | 35923 ||| Stepping ~*~*~tactically~*~*~ (retreating).
 35924 | Vaults:4 | 35924 ||| Stepping ~*~*~tactically~*~*~ (retreating).
 35973 | Vaults:5 | 35973 ||| STAIRDANCE
 35978 | Vaults:4 | Received a gift from Okawaru
 36040 | Vaults:5 | 36040 ||| STAIRDANCE
 36040 | Vaults:5 | Noticed an ancient lich
 36045 | Vaults:5 | 36045 ||| STAIRDANCE
 36075 | Vaults:5 | 36075 ||| STAIRDANCE
 36077 | Vaults:4 | 36077 ||| Stepping ~*~*~tactically~*~*~ (retreating).
 36078 | Vaults:4 | 36078 ||| Stepping ~*~*~tactically~*~*~ (retreating).
 36079 | Vaults:4 | 36079 ||| Stepping ~*~*~tactically~*~*~ (retreating).
 36085 | Vaults:4 | Killed an ancient lich
 36179 | Vaults:5 | 36179 ||| STAIRDANCE
 36268 | Vaults:5 | 36268 ||| STAIRDANCE
 36426 | Vaults:5 | 36426 ||| STAIRDANCE
 36432 | Vaults:5 | 36432 ||| STAIRDANCE
 36502 | Vaults:5 | 36502 ||| STAIRDANCE
 36508 | Vaults:5 | 36508 ||| DRINKING potion of resistance.
 36509 | Vaults:5 | 36509 ||| Stepping ~*~*~tactically~*~*~ (retreating).
 36510 | Vaults:5 | 36510 ||| Stepping ~*~*~tactically~*~*~ (retreating).
 36511 | Vaults:5 | 36511 ||| Stepping ~*~*~tactically~*~*~ (retreating).
 36512 | Vaults:5 | 36512 ||| INVOKING Finesse.
 36515 | Vaults:5 | 36515 ||| Stepping ~*~*~tactically~*~*~ (retreating).
 36516 | Vaults:5 | 36516 ||| Stepping ~*~*~tactically~*~*~ (retreating).
 36517 | Vaults:5 | 36517 ||| Stepping ~*~*~tactically~*~*~ (retreating).
 36518 | Vaults:5 | 36518 ||| Stepping ~*~*~tactically~*~*~ (retreating).
 36519 | Vaults:5 | 36519 ||| Stepping ~*~*~tactically~*~*~ (retreating).
 36521 | Vaults:5 | HP: 14/160 [deep troll earth mage/Lee's Rapid
                  | Deconstruction (31)]
 36522 | Vaults:5 | 36522 ||| READING 12 scrolls of teleportation.
 36523 | Vaults:5 | 36523 ||| DRINKING 4 potions of heal wounds.
 36524 | Vaults:5 | 36524 ||| DRINKING 3 potions of heal wounds.
 36788 | Vaults:5 | 36788 ||| INVOKING Finesse.
 36796 | Vaults:5 | Received a gift from Okawaru
 37022 | Vaults:5 | Identified the +6 arbalest of Bamuxzodd {heavy, rCorr Str-3
                  | Dex+5}
 37025 | Vaults:5 | 37025 ||| Stepping ~*~*~tactically~*~*~ (retreating).
 37028 | Vaults:5 | 37028 ||| Stepping ~*~*~tactically~*~*~ (retreating).
 37046 | Vaults:5 | 37046 ||| Stepping ~*~*~tactically~*~*~ (retreating).
 37048 | Vaults:5 | 37048 ||| Stepping ~*~*~tactically~*~*~ (retreating).
 37059 | Vaults:5 | 37059 ||| FLEEEEING.
 37061 | Vaults:5 | 37061 ||| FLEEEEING.
 37062 | Vaults:5 | 37062 ||| FLEEEEING.
 37065 | Vaults:5 | 37065 ||| FLEEEEING.
 37072 | Vaults:5 | Reached skill level 24 in Fighting
 37142 | Vaults:5 | Noticed an ancient lich
 37146 | Vaults:5 | Killed an ancient lich
 37146 | Vaults:5 | Received a gift from Okawaru
 37310 | Vaults:5 | 37310 ||| READING scroll of enchant armour.
 37310 | Vaults:5 | 37310 ||| ENCHANTING +1 hat of willpower.
 37377 | Vaults:5 | 37377 ||| Stepping ~*~*~tactically~*~*~ (retreating).
 37381 | Vaults:5 | Noticed a golden dragon
 37388 | Vaults:5 | Killed a golden dragon
 37390 | Vaults:5 | 37390 ||| FLEEEEING.
 37391 | Vaults:5 | 37391 ||| FLEEEEING.
 37392 | Vaults:5 | 37392 ||| FLEEEEING.
 37393 | Vaults:5 | 37393 ||| FLEEEEING.
 37394 | Vaults:5 | 37394 ||| FLEEEEING.
 37395 | Vaults:5 | 37395 ||| FLEEEEING.
 37396 | Vaults:5 | 37396 ||| FLEEEEING.
 37455 | Vaults:5 | Identified the ring "Herot Inuu" {rPois rN+ Str+2}
 37458 | Vaults:5 | 37458 ||| FLEEEEING.
 37459 | Vaults:5 | 37459 ||| FLEEEEING.
 37460 | Vaults:5 | 37460 ||| FLEEEEING.
 37461 | Vaults:5 | 37461 ||| FLEEEEING.
 37462 | Vaults:5 | 37462 ||| FLEEEEING.
 37463 | Vaults:5 | 37463 ||| FLEEEEING.
 37464 | Vaults:5 | 37464 ||| FLEEEEING.
 37465 | Vaults:5 | 37465 ||| FLEEEEING.
 37466 | Vaults:5 | 37466 ||| FLEEEEING.
 37467 | Vaults:5 | 37467 ||| FLEEEEING.
 37468 | Vaults:5 | 37468 ||| FLEEEEING.
 37469 | Vaults:5 | 37469 ||| FLEEEEING.
 37470 | Vaults:5 | 37470 ||| FLEEEEING.
 37471 | Vaults:5 | 37471 ||| FLEEEEING.
 37472 | Vaults:5 | 37472 ||| FLEEEEING.
 37473 | Vaults:5 | 37473 ||| FLEEEEING.
 37618 | Vaults:5 | Noticed a golden dragon
 37624 | Vaults:5 | Killed a golden dragon
 37670 | Vaults:5 | Noticed a dread lich
 37674 | Vaults:5 | Killed a dread lich
 37675 | Vaults:5 | Received a gift from Okawaru
 37680 | Vaults:5 | Noticed a golden dragon
 37683 | Vaults:5 | 37683 ||| INVOKING Finesse.
 37688 | Vaults:5 | Killed a golden dragon
 37840 | Vaults:5 | Identified the +0 flail of Due Proportion {heavy, Stlth+}
 37847 | Vaults:5 | Identified the +2 robe of the Barracuda {rC+ MP+9}
 37921 | Vaults:5 | 37921 ||| Stepping ~*~*~tactically~*~*~ (retreating).
 37922 | Vaults:5 | 37922 ||| Stepping ~*~*~tactically~*~*~ (retreating).
 37923 | Vaults:5 | 37923 ||| Stepping ~*~*~tactically~*~*~ (retreating).
 37924 | Vaults:5 | 37924 ||| Stepping ~*~*~tactically~*~*~ (retreating).
 37925 | Vaults:5 | 37925 ||| Stepping ~*~*~tactically~*~*~ (retreating).
 37926 | Vaults:5 | 37926 ||| Stepping ~*~*~tactically~*~*~ (retreating).
 37927 | Vaults:5 | 37927 ||| Stepping ~*~*~tactically~*~*~ (retreating).
 37928 | Vaults:5 | 37928 ||| Stepping ~*~*~tactically~*~*~ (retreating).
 37929 | Vaults:5 | 37929 ||| Stepping ~*~*~tactically~*~*~ (retreating).
 37930 | Vaults:5 | 37930 ||| Stepping ~*~*~tactically~*~*~ (retreating).
 37936 | Vaults:5 | 37936 ||| INVOKING Finesse.
 37957 | Vaults:5 | Identified the +4 ice dragon scales of Gallantry {rF- rC++
                  | Will++ Int-2 Dex+3}
 37958 | Vaults:5 | Noticed a dread lich
 37960 | Vaults:5 | Reached XP level 23. HP: 109/167 MP: 26/30
 37966 | Vaults:5 | Killed a dread lich
 38162 | Vaults:5 | Found Ihagonun's Weapon Emporium.
 38304 | Vaults:5 | Received a gift from Okawaru
 38312 | Vaults:5 | Reached skill level 21 in Dodging
 38370 | Vaults:5 | Identified the +3 falchion of Obiter Dictum {elec, rF++
                  | Str+2 Dex-5}
 38403 | Vaults:5 | Got a silver rune of Zot
 38404 | Vaults:5 | 38404 ||| DROPPING +2 leather armour of fire resistance.
 38405 | Vaults:5 | 38405 ||| READING 20 scrolls of identify.
 38405 | Vaults:5 | 38405 ||| IDENTIFYING white potion
 38406 | Vaults:5 | 38406 ||| READING 19 scrolls of identify.
 38406 | Vaults:5 | 38406 ||| IDENTIFYING scroll labelled LIEDIL KIALE
 38406 | Vaults:5 | Identified a scroll of acquirement
 38407 | Vaults:5 | 38407 ||| READING scroll of acquirement.
 38407 | Vaults:5 | 38407 ||| 38407 ||| Offered +3 arbalest of freezing
 38407 | Vaults:5 | 38407 ||| 38407 ||| Offered +1 cloak "Tikkeih" {+Blink
                  | rElec}
 38407 | Vaults:5 | 38407 ||| 38407 ||| Offered amulet of guardian spirit
 38407 | Vaults:5 | 38407 ||| 38407 ||| Offered 1208 gold pieces
 38407 | Vaults:5 | 38407 ||| ACQUIRING 1208 gold pieces
 38407 | Vaults:5 | Acquired 1208 gold pieces
 38408 | Vaults:5 | 38408 ||| DROPPING potion of invisibility.
 38487 | Vaults:4 | 38487 ||| PLANNING SWAMP:4
 38772 | Swamp:4  | Entered Level 4 of the Swamp
 38815 | Swamp:4  | Identified the +7 flail of Xom's Delight {drain, MP+9}
 38837 | Swamp:4  | 38837 ||| Stepping ~*~*~tactically~*~*~ (retreating).
 38838 | Swamp:4  | 38838 ||| Stepping ~*~*~tactically~*~*~ (retreating).
 38839 | Swamp:4  | 38839 ||| Stepping ~*~*~tactically~*~*~ (retreating).
 38840 | Swamp:4  | 38840 ||| Stepping ~*~*~tactically~*~*~ (retreating).
 38841 | Swamp:4  | 38841 ||| Stepping ~*~*~tactically~*~*~ (retreating).
 38842 | Swamp:4  | 38842 ||| Stepping ~*~*~tactically~*~*~ (retreating).
 38843 | Swamp:4  | 38843 ||| Stepping ~*~*~tactically~*~*~ (retreating).
 38844 | Swamp:4  | 38844 ||| Stepping ~*~*~tactically~*~*~ (retreating).
 38845 | Swamp:4  | 38845 ||| Stepping ~*~*~tactically~*~*~ (retreating).
 38846 | Swamp:4  | 38846 ||| Stepping ~*~*~tactically~*~*~ (retreating).
 38847 | Swamp:4  | 38847 ||| Stepping ~*~*~tactically~*~*~ (retreating).
 38848 | Swamp:4  | 38848 ||| Stepping ~*~*~tactically~*~*~ (retreating).
 38851 | Swamp:4  | 38851 ||| INVOKING Finesse.
 38906 | Swamp:4  | Received a gift from Okawaru
 39513 | Swamp:4  | Noticed the 27-headed Lernaean hydra
 39519 | Swamp:4  | Killed the 27-headed Lernaean hydra
 39591 | Swamp:4  | Got a decaying rune of Zot
 39757 | Swamp:4  | 39757 ||| PLANNING DEPTHS
 40017 | Depths:1 | Entered Level 1 of the Depths
 40021 | Depths:1 | 40021 ||| STAIRDANCE
 40029 | Depths:1 | 40029 ||| STAIRDANCE
 40052 | Depths:1 | 40052 ||| STAIRDANCE
 40060 | Depths:1 | 40060 ||| STAIRDANCE
 40084 | D:15     | Reached skill level 25 in Fighting
 40121 | Depths:1 | 40121 ||| STAIRDANCE
 40211 | Depths:1 | Found Etavvunkiwe's Magic Scroll Shoppe.
 40221 | Depths:1 | 40221 ||| BUYING scroll of brand weapon (161 gold).
 40221 | Depths:1 | Bought a scroll of brand weapon for 161 gold pieces
 40221 | Depths:1 | 40221 ||| BUYING scroll of enchant armour (127 gold).
 40221 | Depths:1 | Bought a scroll of enchant armour for 127 gold pieces
 40221 | Depths:1 | 40221 ||| BUYING scroll of teleportation (51 gold).
 40221 | Depths:1 | Bought a scroll of teleportation for 51 gold pieces
 40221 | Depths:1 | 40221 ||| BUYING scroll of teleportation (51 gold).
 40221 | Depths:1 | Bought a scroll of teleportation for 51 gold pieces
 40221 | Depths:1 | Found Roacac's Antique Armour Emporium.
 40290 | Depths:1 | Noticed Asterion
 40293 | Depths:1 | Killed Asterion
 40304 | Depths:1 | Found a sacrificial altar of Ru.
 40374 | Depths:1 | Found a gateway to Hell.
 40397 | Depths:1 | 40397 ||| RETREEAATING.
 40400 | Depths:1 | 40400 ||| STILL RETREEAATING.
 40401 | Depths:1 | 40401 ||| STILL RETREEAATING.
 40402 | Depths:1 | 40402 ||| STILL RETREEAATING.
 40403 | Depths:1 | 40403 ||| STILL RETREEAATING.
 40404 | Depths:1 | 40404 ||| STILL RETREEAATING.
 40405 | Depths:1 | 40405 ||| STILL RETREEAATING.
 40406 | Depths:1 | 40406 ||| STILL RETREEAATING.
 40407 | Depths:1 | 40407 ||| STILL RETREEAATING.
 40408 | Depths:1 | 40408 ||| STILL RETREEAATING.
 40409 | Depths:1 | 40409 ||| STILL RETREEAATING.
 40410 | Depths:1 | 40410 ||| STILL RETREEAATING.
 40411 | Depths:1 | 40411 ||| STILL RETREEAATING.
 40413 | Depths:1 | 40413 ||| Stepping ~*~*~tactically~*~*~ (retreating).
 40421 | Depths:1 | 40421 ||| RETREEAATING.
 40423 | Depths:1 | 40423 ||| Stepping ~*~*~tactically~*~*~ (retreating).
 40428 | Depths:1 | 40428 ||| Stepping ~*~*~tactically~*~*~ (retreating).
 40628 | Depths:1 | Found a one-way gate leading to the halls of Pandemonium.
 40681 | Depths:1 | Received a gift from Okawaru
 40695 | Depths:1 | 40695 ||| Stepping ~*~*~tactically~*~*~ (retreating).
 40696 | Depths:1 | 40696 ||| Stepping ~*~*~tactically~*~*~ (retreating).
 40697 | Depths:1 | 40697 ||| Stepping ~*~*~tactically~*~*~ (retreating).
 40698 | Depths:1 | 40698 ||| Stepping ~*~*~tactically~*~*~ (retreating).
 40699 | Depths:1 | 40699 ||| Stepping ~*~*~tactically~*~*~ (retreating).
 40700 | Depths:1 | 40700 ||| Stepping ~*~*~tactically~*~*~ (retreating).
 40701 | Depths:1 | 40701 ||| Stepping ~*~*~tactically~*~*~ (retreating).
 40702 | Depths:1 | 40702 ||| Stepping ~*~*~tactically~*~*~ (retreating).
 40703 | Depths:1 | 40703 ||| INVOKING Finesse.
 40848 | Depths:2 | 40848 ||| Stepping ~*~*~tactically~*~*~ (retreating).
 40849 | Depths:2 | 40849 ||| Stepping ~*~*~tactically~*~*~ (retreating).
 40850 | Depths:2 | 40850 ||| Stepping ~*~*~tactically~*~*~ (retreating).
 40851 | Depths:2 | 40851 ||| Stepping ~*~*~tactically~*~*~ (retreating).
 40852 | Depths:2 | 40852 ||| Stepping ~*~*~tactically~*~*~ (retreating).
 40855 | Depths:2 | 40855 ||| STAIRDANCE
 40873 | Depths:2 | 40873 ||| STAIRDANCE
 40878 | Depths:2 | 40878 ||| STAIRDANCE
 40889 | Depths:2 | 40889 ||| STAIRDANCE
 40900 | Depths:2 | 40900 ||| STAIRDANCE
 41069 | Depths:2 | 41069 ||| Stepping ~*~*~tactically~*~*~ (retreating).
 41071 | Depths:2 | 41071 ||| Stepping ~*~*~tactically~*~*~ (retreating).
 41073 | Depths:2 | Reached skill level 26 in Fighting
 41077 | Depths:2 | 41077 ||| Stepping ~*~*~tactically~*~*~ (retreating).
 41082 | Depths:2 | 41082 ||| Stepping ~*~*~tactically~*~*~ (retreating).
 41166 | Depths:2 | 41166 ||| RETREEAATING.
 41168 | Depths:2 | 41168 ||| STILL RETREEAATING.
 41171 | Depths:2 | 41171 ||| RETREEAATING.
 41178 | Depths:2 | 41178 ||| Stepping ~*~*~tactically~*~*~ (retreating).
 41179 | Depths:2 | 41179 ||| Stepping ~*~*~tactically~*~*~ (retreating).
 41180 | Depths:2 | 41180 ||| STILL RETREEAATING.
 41181 | Depths:2 | 41181 ||| STILL RETREEAATING.
 41182 | Depths:2 | 41182 ||| STILL RETREEAATING.
 41186 | Depths:2 | 41186 ||| STILL RETREEAATING.
 41201 | Depths:2 | Received a gift from Okawaru
 41280 | Depths:2 | 41280 ||| Stepping ~*~*~tactically~*~*~ (retreating).
 41282 | Depths:2 | 41282 ||| Stepping ~*~*~tactically~*~*~ (retreating).
 41320 | Depths:2 | Found a one-way gateway to a ziggurat.
 41410 | Depths:2 | 41410 ||| Stepping ~*~*~tactically~*~*~ (retreating).
 41413 | Depths:2 | 41413 ||| Stepping ~*~*~tactically~*~*~ (retreating).
 41414 | Depths:2 | 41414 ||| Stepping ~*~*~tactically~*~*~ (retreating).
 41415 | Depths:2 | 41415 ||| Stepping ~*~*~tactically~*~*~ (retreating).
 41420 | Depths:2 | Reached XP level 24. HP: 178/178 MP: 30/30
 41437 | Depths:2 | 41437 ||| Stepping ~*~*~tactically~*~*~ (retreating).
 41439 | Depths:2 | 41439 ||| Stepping ~*~*~tactically~*~*~ (retreating).
 41475 | Depths:2 | 41475 ||| Stepping ~*~*~tactically~*~*~ (retreating).
 41488 | Depths:2 | 41488 ||| Stepping ~*~*~tactically~*~*~ (retreating).
 41626 | Depths:2 | Identified the ring "Lesug" {rElec rF++ rCorr Str+3 Stlth-}
 41630 | Depths:2 | 41630 ||| Stepping ~*~*~tactically~*~*~ (retreating).
 41631 | Depths:2 | 41631 ||| Stepping ~*~*~tactically~*~*~ (retreating).
 41633 | Depths:2 | 41633 ||| Stepping ~*~*~tactically~*~*~ (retreating).
 41634 | Depths:2 | 41634 ||| INVOKING Finesse.
 41640 | Depths:2 | Received a gift from Okawaru
 42053 | Depths:3 | 42053 ||| Stepping ~*~*~tactically~*~*~ (retreating).
 42054 | Depths:3 | 42054 ||| Stepping ~*~*~tactically~*~*~ (retreating).
 42055 | Depths:3 | 42055 ||| Stepping ~*~*~tactically~*~*~ (retreating).
 42056 | Depths:3 | 42056 ||| Stepping ~*~*~tactically~*~*~ (retreating).
 42057 | Depths:3 | 42057 ||| Stepping ~*~*~tactically~*~*~ (retreating).
 42312 | Depths:3 | Received a gift from Okawaru
 42315 | Depths:3 | 42315 ||| Stepping ~*~*~tactically~*~*~ (retreating).
 42317 | Depths:3 | 42317 ||| Stepping ~*~*~tactically~*~*~ (retreating).
 42318 | Depths:3 | 42318 ||| Stepping ~*~*~tactically~*~*~ (retreating).
 42330 | Depths:3 | 42330 ||| Stepping ~*~*~tactically~*~*~ (retreating).
 42331 | Depths:3 | 42331 ||| Stepping ~*~*~tactically~*~*~ (retreating).
 42332 | Depths:3 | 42332 ||| Stepping ~*~*~tactically~*~*~ (retreating).
 42333 | Depths:3 | 42333 ||| Stepping ~*~*~tactically~*~*~ (retreating).
 42349 | Depths:3 | 42349 ||| Stepping ~*~*~tactically~*~*~ (retreating).
 42350 | Depths:3 | 42350 ||| Stepping ~*~*~tactically~*~*~ (retreating).
 42351 | Depths:3 | 42351 ||| Stepping ~*~*~tactically~*~*~ (retreating).
 42352 | Depths:3 | 42352 ||| Stepping ~*~*~tactically~*~*~ (retreating).
 42368 | Depths:3 | 42368 ||| FLEEEEING.
 42369 | Depths:3 | 42369 ||| FLEEEEING.
 42370 | Depths:3 | 42370 ||| FLEEEEING.
 42371 | Depths:3 | 42371 ||| FLEEEEING.
 42372 | Depths:3 | 42372 ||| FLEEEEING.
 42373 | Depths:3 | 42373 ||| FLEEEEING.
 42374 | Depths:3 | 42374 ||| FLEEEEING.
 42375 | Depths:3 | 42375 ||| FLEEEEING.
 42376 | Depths:3 | 42376 ||| FLEEEEING.
 42377 | Depths:3 | 42377 ||| FLEEEEING.
 42378 | Depths:3 | 42378 ||| FLEEEEING.
 42379 | Depths:3 | 42379 ||| FLEEEEING.
 42380 | Depths:3 | 42380 ||| FLEEEEING.
 42381 | Depths:3 | 42381 ||| FLEEEEING.
 42382 | Depths:3 | 42382 ||| FLEEEEING.
 42383 | Depths:3 | 42383 ||| FLEEEEING.
 42384 | Depths:3 | 42384 ||| FLEEEEING.
 42385 | Depths:3 | 42385 ||| FLEEEEING.
 42386 | Depths:3 | 42386 ||| FLEEEEING.
 42392 | Depths:3 | 42392 ||| FLEEEEING.
 42393 | Depths:3 | 42393 ||| FLEEEEING.
 42499 | Depths:3 | 42499 ||| Stepping ~*~*~tactically~*~*~ (retreating).
 42500 | Depths:3 | 42500 ||| Stepping ~*~*~tactically~*~*~ (retreating).
 42502 | Depths:3 | 42502 ||| Stepping ~*~*~tactically~*~*~ (retreating).
 42503 | Depths:3 | 42503 ||| Stepping ~*~*~tactically~*~*~ (retreating).
 42596 | Depths:3 | Found a one-way gate to the infinite horrors of the Abyss.
 42614 | Depths:3 | 42614 ||| FLEEEEING.
 42615 | Depths:3 | 42615 ||| FLEEEEING.
 42616 | Depths:3 | 42616 ||| FLEEEEING.
 42617 | Depths:3 | Received a gift from Okawaru
 42681 | Depths:3 | 42681 ||| FLEEEEING.
 42682 | Depths:3 | 42682 ||| FLEEEEING.
 42861 | Depths:3 | Identified the ring "Ixzorr" {*Slow rPois rF++ Str+2 Dex+6}
 42944 | Depths:3 | Found Fyociwal's Distillery.
 42949 | Depths:3 | 42949 ||| BUYING 2 potions of cancellation (336 gold).
 42949 | Depths:3 | Bought 2 potions of cancellation for 336 gold pieces
 42949 | Depths:3 | 42949 ||| BUYING potion of curing (63 gold).
 42949 | Depths:3 | Bought a potion of curing for 63 gold pieces
 42949 | Depths:3 | 42949 ||| BUYING potion of curing (63 gold).
 42949 | Depths:3 | Bought a potion of curing for 63 gold pieces
 42949 | Depths:3 | 42949 ||| BUYING potion of resistance (210 gold).
 42949 | Depths:3 | Bought a potion of resistance for 210 gold pieces
 42990 | Depths:3 | HP: 41/180 [walking frostbound tome (14)]
 42991 | Depths:3 | 42991 ||| READING 15 scrolls of teleportation.
 42992 | Depths:3 | 42992 ||| DRINKING 3 potions of heal wounds.
 43322 | Depths:3 | Identified the ring "Myiribb" {Fire rElec rN++}
 43327 | Depths:3 | Identified the ring of Icookhle {Wiz rPois Str-5 SInv}
 43337 | Depths:3 | Identified the ring "Dicep" {Will- rCorr Int+4}
 43340 | Depths:3 | 43340 ||| DROPPING ring "Lesug" {rElec rF++ rCorr Str+3
                  | Stlth-}.
 43341 | Depths:3 | 43341 ||| UPGRADING to ring "Ixzorr" {*Slow rPois rF++
                  | Str+2 Dex+6}.
 43343 | Depths:3 | 43343 ||| DROPPING ring "Myiribb" {Fire rElec rN++}.
 43344 | Depths:3 | 43344 ||| DROPPING ring of Icookhle {Wiz rPois Str-5 SInv}.
 43345 | Depths:3 | 43345 ||| DROPPING ring "Dicep" {Will- rCorr Int+4}.
 43463 | Depths:4 | Entered Level 4 of the Depths
 43467 | Depths:4 | Found a transporter.
 43467 | Depths:4 | Found Axzuh's Antique Armour Shoppe.
 43492 | Depths:4 | Found a transporter.
 43557 | Depths:4 | 43557 ||| Stepping ~*~*~tactically~*~*~ (retreating).
 43560 | Depths:4 | 43560 ||| Stepping ~*~*~tactically~*~*~ (retreating).
 43561 | Depths:4 | 43561 ||| Stepping ~*~*~tactically~*~*~ (retreating).
 43600 | Depths:4 | Reached skill level 27 in Fighting
 43612 | Depths:4 | Noticed a caustic shrike
 43612 | Depths:4 | Noticed a caustic shrike
 43612 | Depths:4 | Noticed a caustic shrike
 43612 | Depths:4 | Noticed a caustic shrike
 43613 | Depths:4 | 43613 ||| RETREEAATING.
 43614 | Depths:4 | 43614 ||| STILL RETREEAATING.
 43615 | Depths:4 | 43615 ||| STILL RETREEAATING.
 43616 | Depths:4 | 43616 ||| Stepping ~*~*~tactically~*~*~ (retreating).
 43617 | Depths:4 | 43617 ||| Stepping ~*~*~tactically~*~*~ (retreating).
 43618 | Depths:4 | 43618 ||| Stepping ~*~*~tactically~*~*~ (retreating).
 43619 | Depths:4 | 43619 ||| INVOKING Finesse.
 43621 | Depths:4 | Killed a caustic shrike
 43630 | Depths:4 | Killed a caustic shrike
 43630 | Depths:4 | Received a gift from Okawaru
 43632 | Depths:4 | Killed a caustic shrike
 43633 | Depths:4 | Noticed a caustic shrike
 43641 | Depths:4 | Killed a caustic shrike
 43686 | Depths:4 | Killed a caustic shrike
 43686 | Depths:4 | Noticed a caustic shrike
 43688 | Depths:4 | Noticed a caustic shrike
 43690 | Depths:4 | Noticed a caustic shrike
 43691 | Depths:4 | Killed a caustic shrike
 43692 | Depths:4 | Reached XP level 25. HP: 157/187 MP: 31/31
 43836 | Depths:4 | 43836 ||| Stepping ~*~*~tactically~*~*~ (retreating).
 43837 | Depths:4 | 43837 ||| Stepping ~*~*~tactically~*~*~ (retreating).
 43838 | Depths:4 | 43838 ||| Stepping ~*~*~tactically~*~*~ (retreating).
 43839 | Depths:4 | 43839 ||| Stepping ~*~*~tactically~*~*~ (retreating).
 43851 | Depths:4 | Received a gift from Okawaru
 43920 | Depths:4 | Found a gate to the Realm of Zot.
 43953 | Depths:4 | 43953 ||| FLEEEEING.
 43954 | Depths:4 | 43954 ||| FLEEEEING.
 43955 | Depths:4 | 43955 ||| FLEEEEING.
 43956 | Depths:4 | 43956 ||| FLEEEEING.
 43957 | Depths:4 | 43957 ||| FLEEEEING.
 43958 | Depths:4 | 43958 ||| FLEEEEING.
 43959 | Depths:4 | 43959 ||| FLEEEEING.
 43960 | Depths:4 | 43960 ||| FLEEEEING.
 44051 | Depths:4 | Found a faded altar of an unknown god.
 44121 | Depths:4 | 44121 ||| Stepping ~*~*~tactically~*~*~ (retreating).
 44122 | Depths:4 | 44122 ||| Stepping ~*~*~tactically~*~*~ (retreating).
 44123 | Depths:4 | 44123 ||| Stepping ~*~*~tactically~*~*~ (retreating).
 44124 | Depths:4 | 44124 ||| Stepping ~*~*~tactically~*~*~ (retreating).
 44146 | Depths:4 | 44146 ||| FLEEEEING.
 44147 | Depths:4 | 44147 ||| FLEEEEING.
 44148 | Depths:4 | 44148 ||| FLEEEEING.
 44149 | Depths:4 | 44149 ||| FLEEEEING.
 44150 | Depths:4 | 44150 ||| FLEEEEING.
 44151 | Depths:4 | 44151 ||| FLEEEEING.
 44152 | Depths:4 | 44152 ||| FLEEEEING.
 44153 | Depths:4 | 44153 ||| FLEEEEING.
 44157 | Depths:4 | 44157 ||| FLEEEEING.
 44158 | Depths:4 | 44158 ||| FLEEEEING.
 44159 | Depths:4 | 44159 ||| FLEEEEING.
 44160 | Depths:4 | 44160 ||| FLEEEEING.
 44161 | Depths:4 | 44161 ||| FLEEEEING.
 44162 | Depths:4 | 44162 ||| FLEEEEING.
 44163 | Depths:4 | 44163 ||| FLEEEEING.
 44164 | Depths:4 | 44164 ||| FLEEEEING.
 44165 | Depths:4 | 44165 ||| FLEEEEING.
 44166 | Depths:4 | 44166 ||| FLEEEEING.
 44167 | Depths:4 | 44167 ||| FLEEEEING.
 44168 | Depths:4 | 44168 ||| FLEEEEING.
 44169 | Depths:4 | 44169 ||| FLEEEEING.
 44170 | Depths:4 | 44170 ||| FLEEEEING.
 44171 | Depths:4 | 44171 ||| FLEEEEING.
 44172 | Depths:4 | 44172 ||| FLEEEEING.
 44174 | Depths:4 | 44174 ||| FLEEEEING.
 44178 | Depths:4 | 44178 ||| FLEEEEING.
 44179 | Depths:4 | 44179 ||| FLEEEEING.
 44483 | Depths:4 | 44483 ||| FLEEEEING.
 44484 | Depths:4 | 44484 ||| FLEEEEING.
 44487 | Depths:4 | 44487 ||| FLEEEEING.
 44488 | Depths:4 | 44488 ||| FLEEEEING.
 44489 | Depths:4 | 44489 ||| FLEEEEING.
 44490 | Depths:4 | 44490 ||| FLEEEEING.
 44491 | Depths:4 | 44491 ||| FLEEEEING.
 44509 | Depths:4 | 44509 ||| FLEEEEING.
 44510 | Depths:4 | 44510 ||| FLEEEEING.
 44511 | Depths:4 | 44511 ||| FLEEEEING.
 44512 | Depths:4 | 44512 ||| FLEEEEING.
 44513 | Depths:4 | 44513 ||| FLEEEEING.
 44514 | Depths:4 | 44514 ||| FLEEEEING.
 44515 | Depths:4 | 44515 ||| FLEEEEING.
 44516 | Depths:4 | 44516 ||| FLEEEEING.
 44517 | Depths:4 | 44517 ||| FLEEEEING.
 44518 | Depths:4 | 44518 ||| FLEEEEING.
 44612 | Depths:4 | Noticed a juggernaut
 44616 | Depths:4 | 44616 ||| Stepping ~*~*~tactically~*~*~ (retreating).
 44617 | Depths:4 | 44617 ||| Stepping ~*~*~tactically~*~*~ (retreating).
 44621 | Depths:4 | Killed a juggernaut
 44621 | Depths:4 | Received a gift from Okawaru
 44627 | Depths:4 | Found Qesus's Jewellery Emporium.
 44634 | Depths:4 | 44634 ||| BUYING amulet of reflection (480 gold).
 44634 | Depths:4 | Bought an amulet of reflection for 480 gold pieces
 44711 | Depths:4 | 44711 ||| Stepping ~*~*~tactically~*~*~ (retreating).
 44712 | Depths:4 | 44712 ||| Stepping ~*~*~tactically~*~*~ (retreating).
 44713 | Depths:4 | 44713 ||| Stepping ~*~*~tactically~*~*~ (retreating).
 44714 | Depths:4 | 44714 ||| Stepping ~*~*~tactically~*~*~ (retreating).
 44715 | Depths:4 | 44715 ||| Stepping ~*~*~tactically~*~*~ (retreating).
 44716 | Depths:4 | 44716 ||| Stepping ~*~*~tactically~*~*~ (retreating).
 44717 | Depths:4 | 44717 ||| Stepping ~*~*~tactically~*~*~ (retreating).
 44718 | Depths:4 | 44718 ||| Stepping ~*~*~tactically~*~*~ (retreating).
 44719 | Depths:4 | 44719 ||| Stepping ~*~*~tactically~*~*~ (retreating).
 44720 | Depths:4 | 44720 ||| Stepping ~*~*~tactically~*~*~ (retreating).
 44721 | Depths:4 | 44721 ||| Stepping ~*~*~tactically~*~*~ (retreating).
 44722 | Depths:4 | 44722 ||| Stepping ~*~*~tactically~*~*~ (retreating).
 44723 | Depths:4 | 44723 ||| Stepping ~*~*~tactically~*~*~ (retreating).
 44724 | Depths:4 | 44724 ||| Stepping ~*~*~tactically~*~*~ (retreating).
 44725 | Depths:4 | 44725 ||| Stepping ~*~*~tactically~*~*~ (retreating).
 44797 | Depths:4 | 44797 ||| Stepping ~*~*~tactically~*~*~ (retreating).
 44798 | Depths:4 | 44798 ||| Stepping ~*~*~tactically~*~*~ (retreating).
 44800 | Depths:4 | 44800 ||| Stepping ~*~*~tactically~*~*~ (retreating).
 44804 | Depths:4 | 44804 ||| Stepping ~*~*~tactically~*~*~ (retreating).
 44805 | Depths:4 | 44805 ||| Stepping ~*~*~tactically~*~*~ (retreating).
 44806 | Depths:4 | 44806 ||| Stepping ~*~*~tactically~*~*~ (retreating).
 44807 | Depths:4 | 44807 ||| Stepping ~*~*~tactically~*~*~ (retreating).
 44808 | Depths:4 | Gained mutation: Your magical capacity is low. (-10% MP) [a
                  | cacodemon]
 44813 | Depths:4 | Reached skill level 15 in Armour
 44894 | Depths:4 | 44894 ||| Stepping ~*~*~tactically~*~*~ (retreating).
 44896 | Depths:4 | 44896 ||| Stepping ~*~*~tactically~*~*~ (retreating).
 44898 | Depths:4 | 44898 ||| Stepping ~*~*~tactically~*~*~ (retreating).
 44899 | Depths:4 | 44899 ||| Stepping ~*~*~tactically~*~*~ (retreating).
 44900 | Depths:4 | 44900 ||| Stepping ~*~*~tactically~*~*~ (retreating).
 44901 | Depths:4 | 44901 ||| Stepping ~*~*~tactically~*~*~ (retreating).
 44902 | Depths:4 | 44902 ||| Stepping ~*~*~tactically~*~*~ (retreating).
 44999 | Depths:4 | 44999 ||| FLEEEEING.
 45000 | Depths:4 | 45000 ||| FLEEEEING.
 45001 | Depths:4 | 45001 ||| FLEEEEING.
 45002 | Depths:4 | 45002 ||| FLEEEEING.
 45003 | Depths:4 | 45003 ||| FLEEEEING.
 45010 | Depths:4 | 45010 ||| FLEEEEING.
 45015 | Depths:4 | 45015 ||| FLEEEEING.
 45020 | Depths:4 | 45020 ||| FLEEEEING.
 45021 | Depths:4 | 45021 ||| FLEEEEING.
 45184 | Depths:4 | 45184 ||| PLANNING VAULTS:5
 45184 | Depths:4 | 45184 ||| DROPPING amulet of the acrobat.
 45506 | Vaults:5 | Identified the +0 plate armour of Ekesoxew {rElec Will+}
 45527 | Vaults:5 | Identified the ring "Qeggougi" {Will++ Str+6 Int+4}
 45569 | Vaults:5 | Received a gift from Okawaru
 45788 | Vaults:5 | 45788 ||| PLANNING SHOPPING SPREE
 45788 | Vaults:5 | 45788 ||| DROPPING ring "Qeggougi" {Will++ Str+6 Int+4}.
 46080 | D:8      | 46080 ||| BUYING scroll of enchant weapon (97 gold).
 46080 | D:8      | Bought a scroll of enchant weapon for 97 gold pieces
 46080 | D:8      | 46080 ||| BUYING scroll of teleportation (39 gold).
 46080 | D:8      | Bought a scroll of teleportation for 39 gold pieces
 46252 | D:1      | 46252 ||| BUYING potion of curing (30 gold).
 46252 | D:1      | Bought a potion of curing for 30 gold pieces
 46252 | D:1      | 46252 ||| BUYING potion of enlightenment (50 gold).
 46252 | D:1      | Bought a potion of enlightenment for 50 gold pieces
 46252 | D:1      | 46252 ||| BUYING potion of haste (100 gold).
 46252 | D:1      | Bought a potion of haste for 100 gold pieces
 46252 | D:1      | 46252 ||| BUYING potion of haste (100 gold).
 46252 | D:1      | Bought a potion of haste for 100 gold pieces
 46252 | D:1      | 46252 ||| BUYING potion of heal wounds (50 gold).
 46252 | D:1      | Bought a potion of heal wounds for 50 gold pieces
 46252 | D:1      | 46252 ||| BUYING potion of might (40 gold).
 46252 | D:1      | Bought a potion of might for 40 gold pieces
 46252 | D:1      | 46252 ||| BUYING potion of resistance (100 gold).
 46252 | D:1      | Bought a potion of resistance for 100 gold pieces
 46419 | D:8      | 46419 ||| BUYING scroll of enchant weapon (112 gold).
 46419 | D:8      | Bought a scroll of enchant weapon for 112 gold pieces
 46451 | D:8      | 46451 ||| SAVING
 46451 | D:8      | 46451 ||| SAVING
 46452 | D:8      | 46452 ||| PLANNING ZOT:1-4
 46630 | Depths:1 | Noticed the Enchantress
 46637 | Depths:1 | 46637 ||| INVOKING Finesse.
 46643 | Depths:1 | Killed the Enchantress
 46702 | Depths:1 | 46702 ||| DROPPING +3 ring mail of fire resistance.
 46703 | Depths:1 | 46703 ||| UPGRADING to +6 faerie dragon scales {rCorr
                  | Dex+5}.
 46713 | Depths:1 | 46713 ||| DROPPING +5 steam dragon scales.
 46829 | Zot:1    | Entered Level 1 of the Realm of Zot
 46837 | Zot:1    | 46837 ||| INVOKING Finesse.
 46853 | Zot:1    | 46853 ||| Stepping ~*~*~tactically~*~*~ (cloud).
 46853 | Zot:1    | Found a transporter.
 46897 | Zot:1    | Found a transporter.
 46900 | Zot:1    | Found a transporter.
 46923 | Zot:1    | Received a gift from Okawaru
 46988 | Zot:1    | Found a transporter.
 46994 | Zot:1    | Found a transporter.
 47108 | Zot:1    | 47108 ||| Stepping ~*~*~tactically~*~*~ (retreating).
 47109 | Zot:1    | 47109 ||| Stepping ~*~*~tactically~*~*~ (retreating).
 47110 | Zot:1    | 47110 ||| Stepping ~*~*~tactically~*~*~ (retreating).
 47111 | Zot:1    | 47111 ||| Stepping ~*~*~tactically~*~*~ (retreating).
 47112 | Zot:1    | 47112 ||| Stepping ~*~*~tactically~*~*~ (retreating).
 47113 | Zot:1    | 47113 ||| Stepping ~*~*~tactically~*~*~ (retreating).
 47114 | Zot:1    | 47114 ||| Stepping ~*~*~tactically~*~*~ (retreating).
 47115 | Zot:1    | 47115 ||| Stepping ~*~*~tactically~*~*~ (retreating).
 47116 | Zot:1    | 47116 ||| Stepping ~*~*~tactically~*~*~ (retreating).
 47117 | Zot:1    | 47117 ||| Stepping ~*~*~tactically~*~*~ (retreating).
 47118 | Zot:1    | 47118 ||| Stepping ~*~*~tactically~*~*~ (retreating).
 47119 | Zot:1    | 47119 ||| Stepping ~*~*~tactically~*~*~ (retreating).
 47120 | Zot:1    | 47120 ||| INVOKING Finesse.
 47126 | Zot:1    | 47126 ||| Stepping ~*~*~tactically~*~*~ (retreating).
 47127 | Zot:1    | 47127 ||| Stepping ~*~*~tactically~*~*~ (retreating).
 47182 | Zot:1    | HP: 20/187 [red draconian scorcher/damnation (31)]
 47183 | Zot:1    | 47183 ||| READING 16 scrolls of teleportation.
 47184 | Zot:1    | 47184 ||| DRINKING 3 potions of heal wounds.
 47193 | Zot:1    | HP: 43/187 [black draconian knight/bolt of lightning (15)]
 47194 | Zot:1    | 47194 ||| DRINKING 2 potions of heal wounds.
 47197 | Zot:1    | Received a gift from Okawaru
 47227 | Zot:1    | 47227 ||| FLEEEEING.
 47232 | Zot:1    | 47232 ||| STAIRDANCE
 47473 | Zot:1    | You are sucked into a shaft and drop 1 floor!
 47520 | Zot:2    | 47520 ||| FLEEEEING.
 47521 | Zot:2    | 47521 ||| STAIRDANCE
 47736 | Zot:2    | 47736 ||| Stepping ~*~*~tactically~*~*~ (retreating).
 47737 | Zot:2    | 47737 ||| Stepping ~*~*~tactically~*~*~ (retreating).
 47738 | Zot:2    | 47738 ||| Stepping ~*~*~tactically~*~*~ (retreating).
 47739 | Zot:2    | 47739 ||| Stepping ~*~*~tactically~*~*~ (retreating).
 47740 | Zot:2    | 47740 ||| Stepping ~*~*~tactically~*~*~ (retreating).
 47741 | Zot:2    | 47741 ||| Stepping ~*~*~tactically~*~*~ (retreating).
 47742 | Zot:2    | 47742 ||| Stepping ~*~*~tactically~*~*~ (retreating).
 47743 | Zot:2    | 47743 ||| INVOKING Finesse.
 47756 | Zot:2    | Reached XP level 26. HP: 190/193 MP: 24/28
 47771 | Zot:2    | 47771 ||| Stepping ~*~*~tactically~*~*~ (retreating).
 47772 | Zot:2    | 47772 ||| Stepping ~*~*~tactically~*~*~ (retreating).
 47834 | Zot:2    | 47834 ||| FLEEEEING.
 47835 | Zot:2    | 47835 ||| FLEEEEING.
 47836 | Zot:2    | 47836 ||| FLEEEEING.
 47837 | Zot:2    | 47837 ||| FLEEEEING.
 47838 | Zot:2    | 47838 ||| FLEEEEING.
 47839 | Zot:2    | 47839 ||| FLEEEEING.
 47840 | Zot:2    | 47840 ||| FLEEEEING.
 47843 | Zot:2    | 47843 ||| STAIRDANCE
 48413 | Zot:2    | Identified the +3 plate armour of the Banana {Int+3}
 48607 | Zot:2    | 48607 ||| DROPPING ring of positive energy.
 48665 | Zot:3    | 48665 ||| STAIRDANCE
 48671 | Zot:3    | 48671 ||| STAIRDANCE
 48727 | Zot:3    | 48727 ||| STAIRDANCE
 48730 | Zot:2    | 48730 ||| INVOKING Finesse.
 48734 | Zot:2    | Reached skill level 24 in Dodging
 48766 | Zot:3    | 48766 ||| STAIRDANCE
 48821 | Zot:3    | 48821 ||| STAIRDANCE
 48841 | Zot:3    | 48841 ||| STAIRDANCE
 48842 | Zot:3    | 48842 ||| INVOKING Finesse.
 48849 | Zot:3    | 48849 ||| STAIRDANCE
 49021 | Zot:3    | 49021 ||| Stepping ~*~*~tactically~*~*~ (retreating).
 49022 | Zot:3    | 49022 ||| Stepping ~*~*~tactically~*~*~ (retreating).
 49023 | Zot:3    | 49023 ||| Stepping ~*~*~tactically~*~*~ (retreating).
 49024 | Zot:3    | 49024 ||| INVOKING Finesse.
 49031 | Zot:3    | 49031 ||| Stepping ~*~*~tactically~*~*~ (retreating).
 49032 | Zot:3    | 49032 ||| Stepping ~*~*~tactically~*~*~ (retreating).
 49046 | Zot:3    | 49046 ||| Stepping ~*~*~tactically~*~*~ (retreating).
 49049 | Zot:3    | Received a gift from Okawaru
 49099 | Zot:3    | Reached skill level 18 in Armour
 49233 | Zot:3    | 49233 ||| Stepping ~*~*~tactically~*~*~ (retreating).
 49238 | Zot:3    | 49238 ||| Stepping ~*~*~tactically~*~*~ (retreating).
 49239 | Zot:3    | 49239 ||| Stepping ~*~*~tactically~*~*~ (retreating).
 49241 | Zot:3    | 49241 ||| Stepping ~*~*~tactically~*~*~ (retreating).
 49242 | Zot:3    | 49242 ||| Stepping ~*~*~tactically~*~*~ (retreating).
 49243 | Zot:3    | 49243 ||| Stepping ~*~*~tactically~*~*~ (retreating).
 49453 | Zot:3    | 49453 ||| Stepping ~*~*~tactically~*~*~ (cloud).
 49552 | Zot:3    | 49552 ||| Stepping ~*~*~tactically~*~*~ (retreating).
 49554 | Zot:3    | 49554 ||| Stepping ~*~*~tactically~*~*~ (retreating).
 49557 | Zot:3    | 49557 ||| Stepping ~*~*~tactically~*~*~ (retreating).
 49571 | Zot:3    | 49571 ||| Stepping ~*~*~tactically~*~*~ (cloud).
 49634 | Zot:3    | Received a gift from Okawaru
 49655 | Zot:3    | 49655 ||| RETREEAATING.
 49658 | Zot:3    | 49658 ||| STILL RETREEAATING.
 49659 | Zot:3    | Noticed Grunn
 49681 | Zot:3    | Killed Grunn
 49962 | Zot:3    | 49962 ||| Stepping ~*~*~tactically~*~*~ (retreating).
 49964 | Zot:3    | 49964 ||| Stepping ~*~*~tactically~*~*~ (retreating).
 49968 | Zot:3    | 49968 ||| Stepping ~*~*~tactically~*~*~ (retreating).
 49969 | Zot:3    | 49969 ||| Stepping ~*~*~tactically~*~*~ (retreating).
 49970 | Zot:3    | 49970 ||| Stepping ~*~*~tactically~*~*~ (retreating).
 49975 | Zot:3    | 49975 ||| INVOKING Finesse.
 49992 | Zot:3    | Received a gift from Okawaru
 50007 | Zot:3    | Noticed a Killer Klown
 50011 | Zot:3    | Killed a Killer Klown
 50083 | Zot:3    | 50083 ||| Stepping ~*~*~tactically~*~*~ (retreating).
 50085 | Zot:3    | 50085 ||| Stepping ~*~*~tactically~*~*~ (retreating).
 50090 | Zot:3    | 50090 ||| FLEEEEING.
 50091 | Zot:3    | 50091 ||| FLEEEEING.
 50092 | Zot:3    | 50092 ||| INVOKING Finesse.
 50385 | Zot:3    | Noticed an orb of fire
 50386 | Zot:3    | 50386 ||| Stepping ~*~*~tactically~*~*~ (retreating).
 50387 | Zot:3    | 50387 ||| Stepping ~*~*~tactically~*~*~ (retreating).
 50388 | Zot:3    | 50388 ||| Stepping ~*~*~tactically~*~*~ (retreating).
 50389 | Zot:3    | 50389 ||| Stepping ~*~*~tactically~*~*~ (retreating).
 50390 | Zot:3    | 50390 ||| Stepping ~*~*~tactically~*~*~ (retreating).
 50392 | Zot:3    | Gained mutation: Your body sometimes deteriorates upon
                  | taking damage. [an orb of fire]
 50395 | Zot:3    | Killed an orb of fire
 50407 | Zot:3    | Reached XP level 27. HP: 193/199 MP: 28/28
 50614 | Zot:4    | 50614 ||| FLEEEEING.
 50615 | Zot:4    | 50615 ||| FLEEEEING.
 50616 | Zot:4    | 50616 ||| FLEEEEING.
 50617 | Zot:4    | 50617 ||| FLEEEEING.
 50618 | Zot:4    | 50618 ||| FLEEEEING.
 50619 | Zot:4    | 50619 ||| FLEEEEING.
 50623 | Zot:4    | 50623 ||| FLEEEEING.
 50624 | Zot:4    | 50624 ||| FLEEEEING.
 50625 | Zot:4    | 50625 ||| FLEEEEING.
 50626 | Zot:4    | 50626 ||| FLEEEEING.
 50627 | Zot:4    | 50627 ||| FLEEEEING.
 50628 | Zot:4    | 50628 ||| FLEEEEING.
 50629 | Zot:4    | 50629 ||| FLEEEEING.
 50630 | Zot:4    | 50630 ||| FLEEEEING.
 50642 | Zot:4    | 50642 ||| FLEEEEING.
 50643 | Zot:4    | 50643 ||| FLEEEEING.
 50644 | Zot:4    | 50644 ||| FLEEEEING.
 50645 | Zot:4    | 50645 ||| FLEEEEING.
 50646 | Zot:4    | 50646 ||| FLEEEEING.
 50647 | Zot:4    | 50647 ||| FLEEEEING.
 50648 | Zot:4    | 50648 ||| FLEEEEING.
 50649 | Zot:4    | 50649 ||| FLEEEEING.
 50650 | Zot:4    | 50650 ||| FLEEEEING.
 50651 | Zot:4    | 50651 ||| FLEEEEING.
 50652 | Zot:4    | 50652 ||| FLEEEEING.
 50653 | Zot:4    | 50653 ||| FLEEEEING.
 50654 | Zot:4    | 50654 ||| FLEEEEING.
 50655 | Zot:4    | 50655 ||| FLEEEEING.
 50656 | Zot:4    | 50656 ||| FLEEEEING.
 50657 | Zot:4    | 50657 ||| FLEEEEING.
 50658 | Zot:4    | 50658 ||| FLEEEEING.
 50659 | Zot:4    | 50659 ||| FLEEEEING.
 50660 | Zot:4    | 50660 ||| FLEEEEING.
 50661 | Zot:4    | 50661 ||| FLEEEEING.
 50662 | Zot:4    | 50662 ||| FLEEEEING.
 50663 | Zot:4    | 50663 ||| FLEEEEING.
 50674 | Zot:4    | 50674 ||| FLEEEEING.
 50675 | Zot:4    | 50675 ||| FLEEEEING.
 50676 | Zot:4    | 50676 ||| FLEEEEING.
 50677 | Zot:4    | 50677 ||| FLEEEEING.
 50678 | Zot:4    | 50678 ||| FLEEEEING.
 50679 | Zot:4    | 50679 ||| FLEEEEING.
 50680 | Zot:4    | 50680 ||| FLEEEEING.
 50681 | Zot:4    | 50681 ||| FLEEEEING.
 50682 | Zot:4    | 50682 ||| FLEEEEING.
 50683 | Zot:4    | 50683 ||| FLEEEEING.
 50684 | Zot:4    | 50684 ||| FLEEEEING.
 50685 | Zot:4    | 50685 ||| FLEEEEING.
 50686 | Zot:4    | 50686 ||| FLEEEEING.
 50687 | Zot:4    | 50687 ||| FLEEEEING.
 50689 | Zot:4    | 50689 ||| FLEEEEING.
 50690 | Zot:4    | 50690 ||| FLEEEEING.
 50695 | Zot:4    | 50695 ||| STAIRDANCE
 50743 | Zot:3    | 50743 ||| DROPPING +1 pair of gloves.
 50801 | Zot:4    | Received a gift from Okawaru
 51042 | Zot:4    | 51042 ||| Stepping ~*~*~tactically~*~*~ (retreating).
 51048 | Zot:4    | 51048 ||| Stepping ~*~*~tactically~*~*~ (retreating).
 51049 | Zot:4    | 51049 ||| Stepping ~*~*~tactically~*~*~ (retreating).
 51063 | Zot:4    | 51063 ||| Stepping ~*~*~tactically~*~*~ (retreating).
 51132 | Zot:4    | Identified the amulet "Lowopn" {RegenMP rF+ Dex+2}
 51282 | Zot:4    | 51282 ||| INVOKING Finesse.
 51293 | Zot:4    | Received a gift from Okawaru
 51471 | Zot:4    | 51471 ||| PLANNING ORB
 51474 | Zot:5    | Entered Level 5 of the Realm of Zot
 51530 | Zot:5    | 51530 ||| Stepping ~*~*~tactically~*~*~ (retreating).
 51532 | Zot:5    | 51532 ||| Stepping ~*~*~tactically~*~*~ (retreating).
 51534 | Zot:5    | 51534 ||| Stepping ~*~*~tactically~*~*~ (retreating).
 51536 | Zot:5    | 51536 ||| Stepping ~*~*~tactically~*~*~ (retreating).
 51538 | Zot:5    | 51538 ||| Stepping ~*~*~tactically~*~*~ (retreating).
 51543 | Zot:5    | 51543 ||| Stepping ~*~*~tactically~*~*~ (retreating).
 51673 | Zot:5    | 51673 ||| INVOKING Finesse.
 51915 | Zot:5    | 51915 ||| Stepping ~*~*~tactically~*~*~ (retreating).
 51916 | Zot:5    | 51916 ||| Stepping ~*~*~tactically~*~*~ (retreating).
 51917 | Zot:5    | 51917 ||| Stepping ~*~*~tactically~*~*~ (retreating).
 51918 | Zot:5    | 51918 ||| Stepping ~*~*~tactically~*~*~ (retreating).
 51919 | Zot:5    | 51919 ||| Stepping ~*~*~tactically~*~*~ (retreating).
 51941 | Zot:5    | Noticed an orb of fire
 51946 | Zot:5    | Killed an orb of fire
 51964 | Zot:5    | 51964 ||| INVOKING Finesse.
 51969 | Zot:5    | Received a gift from Okawaru
 52045 | Zot:5    | Reached skill level 12 in Invocations
 52081 | Zot:5    | Got the Orb of Zot
 52082 | Zot:5    | 52082 ||| PLANNING ESCAPE
 52250 | Zot:1    | 52250 ||| Stepping ~*~*~tactically~*~*~ (retreating).
 52251 | Zot:1    | 52251 ||| Stepping ~*~*~tactically~*~*~ (retreating).
 52252 | Zot:1    | 52252 ||| Stepping ~*~*~tactically~*~*~ (retreating).
 52255 | Zot:1    | 52255 ||| Stepping ~*~*~tactically~*~*~ (retreating).
 52256 | Zot:1    | 52256 ||| Stepping ~*~*~tactically~*~*~ (retreating).
 52257 | Zot:1    | 52257 ||| Stepping ~*~*~tactically~*~*~ (retreating).
 52258 | Zot:1    | 52258 ||| Stepping ~*~*~tactically~*~*~ (retreating).
 52259 | Zot:1    | 52259 ||| Stepping ~*~*~tactically~*~*~ (retreating).
 52260 | Zot:1    | 52260 ||| Stepping ~*~*~tactically~*~*~ (retreating).
 52328 | Depths:4 | 52328 ||| Stepping ~*~*~tactically~*~*~ (retreating).
 52329 | Depths:4 | 52329 ||| Stepping ~*~*~tactically~*~*~ (retreating).
 52330 | Depths:4 | 52330 ||| Stepping ~*~*~tactically~*~*~ (retreating).
 52331 | Depths:4 | 52331 ||| Stepping ~*~*~tactically~*~*~ (retreating).
 52332 | Depths:4 | 52332 ||| Stepping ~*~*~tactically~*~*~ (retreating).
 52772 | D:$      | Escaped with the Orb!

Levels and vault maps discovered:
D:1:      dpeg_arrival_shelter, layout_rooms, serial_shops, shop
D:2:      minmay_roachtagon, layout_basic, corexii_hall_statues_i,
          chequers_serial_rivers_large_b, uniq_sigmund
D:3:      layout_loops_corners, uniq_crazy_yiuf_cottage
D:4:      layout_gridville, minmay_temple_entry_tees, ebering_ghost_gozag
D:5:      layout_loops_ring
D:6:      layout_cave_pools, mainiacjoe_overflow_divided_tiny, serial_shops,
          shop, chequers_ossuary_entry_cave, uniq_maggie
D:7:      layout_loops_ring, nicolae_overflow_macrodata_refinement,
          xom_butterflies, hangedman_decor_growths
D:8:      layout_cave_pools, serial_shops, nicolae_shop_trees,
          kennysheep_mini_moat, shop, nicolae_stop_n_shop_1,
          nicolae_square_shop, minmay_lizard_king
D:9:      layout_basic, pdpol_temple_overflow_zin_treasury_gozag_greed,
          minmay_fractal_squares_gapless_7, uniq_erolcha, uniq_amaemon
D:10:     layout_loops_ring, kennysheep_ying_yang, fedhas_altar_3,
          serial_co_window_serial, co_window_corner_a,
          co_window_of_opportunity_a, co_window_paths_b,
          co_window_of_opportunity_a, co_window_of_opportunity_a,
          co_window_of_opportunity_a, co_window_corner_ca, co_window_broadway_b,
          co_window_cross_3, co_window_4corner_a, glass_columns_b,
          glass_columns_b, glass_columns_a, glass_columns_b, grunt_livestock
D:11:     layout_basic, due_lair_maze_entry_diamond, grunt_ministairs_9,
          hangedman_ranch
D:12:     cheibrodos_ideogram_h, layout_loops_ring, david_orc_5, uniq_josephine,
          uniq_jorgrun, uniq_rupert
D:13:     gammafunk_worm_tunnel, layout_basic, moated_statue
D:14:     layout_loops_ring, hellmonk_vaults_attempted_burglary,
          portal_ice_cave_entry_ice_statue_one, nicolae_shop_fire_sale
          [nicolae_sub_dead_trees], uniq_kirke
D:15:     grunt_enter_depths_hoard, layout_small_grid, okawaru_trees_2,
          serial_demonic, serial_demonic_a, serial_demonic_b, serial_demonic_g,
          serial_demonic_c, serial_shops, shop, serial_bayou_pond_d,
          uniq_nessos, uniq_roxanne
Temple:   dpeg_chambers_temple
Lair:1:   layout_gridlike, grunt_forest_small_clearings,
          infiniplex_staircase_pool_2
Lair:2:   layout_concentric_octagons, swamp_mist,
          nicolae_spider_entry_tight_spaces, basic_altar,
          grunt_forest_stairs_clearing, grunt_megastairs_4, lemuel_fruit_fields
Lair:3:   lemuel_slime, layout_regular_city
Lair:4:   regret_index_wax_grids, layout_gridlike, slime_entry_1,
          gammafunk_lair_bear_cave, serial_bayou_shore_a
Lair:5:   grunt_lair_end_beastmaster, layout_cave_pods, st_stairs_6,
          grunt_forest_large_clearings, wad_woods_river_01
Swamp:1:  layout_falls_marsh, nicolae_swamp_dense_foliage, swamp_pool_5
Swamp:2:  layout_basic_swamp, evilmike_swamp_ruin_house_4, swamp_pool_3
Swamp:3:  layout_basic_swamp, evilmike_swamp_ruin_wall, swamp_pool_1_2,
          hangedman_swamp_lotus, nicolae_swamp_long_stream, uniq_bai_suzhen
Swamp:4:  swamp_old_school, layout_basic_swamp
Spider:1: cheibrodos_spider_silkery, drop_trap, hellmonk_deceptive_appearances,
          uniq_agnes
Spider:2: layout_spider_delve
Spider:3: layout_spider_delve, nicolae_orb_island,
          hangedman_spider_tarantella_strand, uniq_arachne
Spider:4: grunt_spider_rune_circles, uniq_aizul, uniq_donald, uniq_mara
Orc:1:    layout_diamond_mine, serial_shops, nicolae_shop_hallway_plus,
          ebering_ghost_xom
Orc:2:    grunt_orc_tribal_feast, layout_caves, enter_volcano_4
Vaults:1: vaults_mumra_minichess, nicolae_vaults_offset_grid_hallway_1,
          hangedman_vaults_corner, vaults_mumra_hex,
          nicolae_vaults_network_star, nicolae_vaults_trapezoid_layered,
          nicolae_vaults_gold_heap, nicolae_vaults_doubleplus_tesselated,
          nicolae_vaults_security_offices_1, layout_vaults_quadrants
Vaults:2: minmay_crypt_entry_simple_statues, nicolae_vaults_storage_closets_2,
          v_misc_26, nicolae_vaults_more_shelving_1,
          vaults_mumra_minichess_inversion, nicolae_vaults_storage_closets_3,
          vaults_room_pool, hangedman_vaults_pinch,
          nicolae_vaults_circle_grid_a, st_diamondy, nicolae_vaults_diamond_1,
          layout_vaults_omnicross, uniq_xtahua
Vaults:3: nicolae_vaults_border_crossing, v_alt_pattern_2, grunt_vaults_swirl,
          minmay_orc_keep, grunt_vaults_trifunnel,
          nicolae_vaults_storage_room_glass, nicolae_vaults_house_1, v_misc_27,
          nicolae_vaults_rhombus_6, nicolae_vaults_loss_of_containment,
          vaults_dpeg_doors, nicolae_vaults_theta,
          nicolae_vaults_variable_pillar_hall, layout_vaults_big_room,
          serial_shops, nicolae_shop_temple_entry_statues_fountains
Vaults:4: nicolae_vaults_octothorpe, v_misc_3, grunt_tower_of_power,
          nicolae_vaults_trapezoid_lopsided_4, v_rooms_1,
          nicolae_vaults_three_branches, nicolae_vaults_specimen_jars,
          nicolae_vaults_closet_pinwheel_5, nicolae_vaults_storage_closets_1,
          v_misc_17, nicolae_vaults_tangram_2, nicolae_vaults_double_plus_2,
          v_alt_pattern_1, v_pattern_4, ontoclasm_vaults_bender,
          layout_vaults_omnibox, uniq_sojobo, uniq_mennas
Vaults:5
Depths:1: layout_forbidden_donut, hangedman_geh_valley,
          minmay_misc_feat_more_columns, grunt_pan_entry_zigzag,
          nicolae_ru_the_path_less_chosen, minmay_shoptagon, uniq_enchantress,
          uniq_asterion
Depths:2: cheibrodos_spurs, layout_basic, enter_ziggurat_e, hell_entry,
          pan_entry
Depths:3: minmay_the_grid_triangle_9x9_rhombus_thin
          [minmay_the_grid_triangle_9x9_flanged_cone,
          minmay_the_grid_triangle_9x9_prize_special,
          minmay_the_grid_triangle_9x9_windchime,
          minmay_the_grid_triangle_9x9_limited_checkers], layout_honeycomb,
          abyss_entry_crystal, infiniplex_staircase_spiral, serial_shops, shop,
          hell_entry
Depths:4: regret_index_infernal_bastille, layout_gridlike,
          grunt_hell_entry_demonic_statue, serial_shops, nicolae_shop_drivethru,
          shop_fountains, nicolae_figureground_pulse
Zot:1:    gammafunk_the_bubble [the_bubble_gammafunk_roulette],
          layout_misc_corridors, hangedman_zot_decor_tridents
Zot:2:    layout_basic
Zot:3:    grunt_zot_stairs_mandelzot, layout_basic, regret_index_zotdec_dark_gr,
          uniq_grunn
Zot:4:    layout_cellular_growth, regret_index_zotdec_barnacled_simple,
          st_large_dragon_hoard_2
Zot:5:    layout_basic

Skill      XL: |  1  2  3  4  5  6  7  8  9 10 11 12 13 14 15 16 17 18 19 20 21 22 23 24 25 26 27 |
---------------+----------------------------------------------------------------------------------+-----
Ranged Weapons | 5 6 8 9 11 12 14 16 17 19 20 | 20.0
Fighting       | 5 6 7 8 9 10 12 13 15 18 19 20 22 23 24 26 27 | 27.0
Armour         | 1 3 4 5 6 8 9 10 11 12 13 14 17 18 19 | 19.0
Dodging        | 2 3 4 6 8 10 12 13 15 17 18 19 20 21 22 23 25 26 | 26.8
Invocations    | 4 7 10 11 13 | 13.1
Stealth        | |  1.1

Action                     |  1- 3 |  4- 6 |  7- 9 | 10-12 | 13-15 | 16-18 | 19-21 | 22-24 | 25-27 || total
---------------------------+-------+-------+-------+-------+-------+-------+-------+-------+-------++-------
   Fire: Shortbow          |    71 |   168 |   224 |       |       |       |       |       |       ||   463
         Orcbow            |       |       |   312 |   652 |   142 |       |       |       |       ||  1106
         Longbow           |       |       |       |       |   684 |   947 |   966 |  1132 |  1187 ||  4916
 Invoke: Finesse           |       |       |       |     2 |     1 |     8 |    11 |     8 |    12 ||    42
         Receive Weapon    |       |       |       |       |     1 |       |       |       |       ||     1
         Receive Armour    |       |       |       |       |     1 |       |       |       |       ||     1
    Use: Scroll            |     2 |     4 |    10 |     9 |     7 |     5 |     3 |     6 |     1 ||    47
         Potion            |       |       |     7 |       |     2 |       |     3 |     4 |     2 ||    18
 Armour: Leather armour    |    15 |    83 |   199 |       |       |       |       |       |       ||   297
         Skin              |       |       |    37 |       |       |       |    16 |       |       ||    53
         Steam dragon scal |       |       |    81 |   103 |   213 |   226 |   231 |   316 |    68 ||  1238
         Acid dragon scale |       |       |       |       |       |       |       |       |   181 ||   181
  Dodge: Dodged            |     9 |    64 |   267 |    81 |   515 |   580 |   743 |  1101 |   959 ||  4319
         Repelled          |       |       |       |       |     6 |     6 |    10 |     8 |    35 ||    65

Table legend:
 A = Non-vault XP
 B = Vault XP
 C = Vault XP percentage of total XP
 D = Non-vault monster count
 E = Vault monster count
 F = Vault count percentage of total count
                 A         B        C        D         E       F
            +---------+---------+-------+---------+---------+-------
      Total |  758906 |  634492 |  45.5 |    1286 |     868 |  40.3
            +---------+---------+-------+---------+---------+-------
        D:1 |      15 |       0 |   0.0 |      10 |       0 |   0.0
        D:2 |      63 |     247 |  79.7 |      16 |       9 |  36.0
        D:3 |      71 |       0 |   0.0 |      19 |       0 |   0.0
        D:4 |     354 |       0 |   0.0 |      22 |       0 |   0.0
        D:5 |     586 |       0 |   0.0 |      18 |       0 |   0.0
        D:6 |     631 |     398 |  38.7 |      11 |       1 |   8.3
        D:7 |     844 |       0 |   0.0 |      11 |       0 |   0.0
        D:8 |     758 |     602 |  44.3 |      18 |      11 |  37.9
        D:9 |    2113 |    4266 |  66.9 |      37 |      12 |  24.5
       D:10 |    2692 |    1000 |  27.1 |      13 |       5 |  27.8
       D:11 |    5749 |    4864 |  45.8 |      27 |      21 |  43.8
       D:12 |    3958 |   16237 |  80.4 |      13 |      54 |  80.6
       D:13 |   10770 |       0 |   0.0 |      28 |       0 |   0.0
       D:14 |   15080 |    3869 |  20.4 |      28 |       6 |  17.6
       D:15 |   15171 |    9587 |  38.7 |      32 |      16 |  33.3
     Lair:1 |    5616 |       0 |   0.0 |      23 |       0 |   0.0
     Lair:2 |    1510 |    3011 |  66.6 |       8 |      16 |  66.7
     Lair:3 |    5464 |     840 |  13.3 |      21 |      21 |  50.0
     Lair:4 |    9247 |   10324 |  52.8 |      32 |      55 |  63.2
     Lair:5 |   15054 |   12734 |  45.8 |      41 |      31 |  43.1
    Swamp:1 |   10071 |     390 |   3.7 |      21 |       3 |  12.5
    Swamp:2 |   15231 |       0 |   0.0 |      33 |       0 |   0.0
    Swamp:3 |   12913 |    3364 |  20.7 |      21 |       1 |   4.5
    Swamp:4 |   14204 |   17805 |  55.6 |      28 |      27 |  49.1
   Spider:1 |   12358 |    9756 |  44.1 |      39 |      18 |  31.6
   Spider:2 |    3978 |       0 |   0.0 |      10 |       0 |   0.0
   Spider:3 |   19792 |    7483 |  27.4 |      40 |       9 |  18.4
   Spider:4 |   18368 |   28062 |  60.4 |      43 |      39 |  47.6
      Orc:1 |    1338 |       0 |   0.0 |      16 |       0 |   0.0
      Orc:2 |    1852 |    8156 |  81.5 |      30 |      29 |  49.2
   Vaults:1 |   29986 |   17795 |  37.2 |      48 |      22 |  31.4
   Vaults:2 |   29925 |   41630 |  58.2 |      43 |      47 |  52.2
   Vaults:3 |   48543 |   26739 |  35.5 |      68 |      38 |  35.8
   Vaults:4 |   32779 |   82128 |  71.5 |      39 |      85 |  68.5
   Vaults:5 |   14430 |   93737 |  86.7 |      21 |      73 |  77.7
   Depths:1 |   28654 |    9134 |  24.2 |      33 |      10 |  23.3
   Depths:2 |   34566 |   43634 |  55.8 |      39 |      42 |  51.9
   Depths:3 |   49981 |   17853 |  26.3 |      59 |      16 |  21.3
   Depths:4 |   47752 |   52054 |  52.2 |      30 |      56 |  65.1
      Zot:1 |   46759 |       0 |   0.0 |      39 |       0 |   0.0
      Zot:2 |   47201 |       0 |   0.0 |      37 |       0 |   0.0
      Zot:3 |   81744 |   37662 |  31.5 |      68 |      28 |  29.2
      Zot:4 |   34076 |   18161 |  34.8 |      28 |      12 |  30.0
      Zot:5 |   26659 |   50577 |  65.5 |      25 |      25 |  50.0
    Ossuary |       0 |     393 | 100.0 |       0 |      30 | 100.0
            +---------+---------+-------+---------+---------+-------
